Workbook
Name choix1: '[1]Valid données'!$B$2:$B$3
Name choix2: '[1]Valid données'!$D$2:$D$4
Name choix3: '[1]Valid données'!$F$2:$F$5
Name choix4: '[1]Valid données'!$H$2:$H$6
Name choix5: '[1]Valid données'!$J$2:$J$6
Name Liste_1: Tableau13[[#All],[Liste 1]]

Sheet point méthodologie
A1: question | B1: réponse apportées à la HIA | C1: proposition
A2: quel service choisir (OPH, cardio, ortho… = différents mode de gestion)
A4: Lors de l'audit croisé, nous supposons que les différents documents qualité de la partie "Consultation documentaire" seront envoyés aux auditeurs en amont de la venue sur site. Est-ce bien le cas ? | B4: 1. La méthode prévoit en effet la préparation des différents documents disponibles de la partie « Consultation documentaire » par l’établissement audité receveur pour partage avec les auditeurs en amont de leur visite sur site. | C4: préciser attendus consultation documentaire et rencontre avec la gourvernance objectif : refaire le point sur les attendus / règlementation et les objectifs prioritaires de l'EDS
A5: Une auto-évaluation est-elle prévue avant la réalisation de l'audit croisé ? | B5: 2. Aucune auto-évaluation n’est prévue sauf période d’expérimentation de la grille pour évaluer la compréhension, la pertinence et le temps de saisie des critères
A6: Comment se ferra le choix des 4 DMI traceurs ? Par l'établissement audité, en définissant une catégorie de DMI ou une référence précise ? Par les auditeurs après échange avec l'établissement sur les types de DMI présents ? choix des DMI : EDS receveur, accord avec auditeurs ou imposés? | B6: 3. S’agissant du choix des références traceuses, nous trouvons difficile de les imposer du fait des activités différentes de chaque structure. Nous songions plutôt laisser le choix aux professionnels des structures auditées et auditrices de les identifier avec pour seule contrainte de s’assurer que le nombre de références choisies permet d’évaluer la performance de la traçabilité sanitaire pour l’ensemble des DMI quel que soit son mode de financement (liste en sus ou intra-GHS) ou son mode d’approvisionnement (achat, dépôt permanent ou prêt).
A7: Pour la partie "DMI traceurs", les différents items seront-ils bien complétés par analyse de dossiers ? | B7: 4. A ce jour, il est prévu que les résultats des différents items de l’onglet traçabilité qualitative soient saisis par les auditeurs avec le soutien des équipes auditées lors de l’interrogation des dossiers papiers et/ou informatiques.
A8: Pour la grille d'entretien "Rencontre avec les professionnels", la séparation de la pharmacie et du service utilisateur pose problème. En effet, elle ne permet pas une adaptation aux différentes organisations mises en place dans les hôpitaux. Si je prends pour exemple notre établissement, en l'absence de logiciel de traçabilité au bloc opératoire, une traçabilité papier est faite en salle lors de la pose puis la traçabilité informatique est réalisée par un préparateur dans le logiciel de la pharmacie. Les questions relatives à la traçabilité lors de la pose d'un DMI sont donc aussi applicables aux professionnels de la pharmacie. Idem pour les items D25 à D40, il semble important que chaque acteur du circuit puisse répondre à ces questions. Nous proposons de faire une grille qui ne sépare pas les professionnels de la pharmacie et les professionnels du service utilisateur et de réaliser les entretiens sous forme d'une table ronde avec des représentants de chaque partie du circuit. | B8: La traçabilité des DMI est une mission globale qui s’exerce à plusieurs niveaux du circuit du médicament. La traçabilité de la pose des DMI n’est pas une mission pharmaceutique. Le bloc opératoire peut embaucher une personne qui a un diplôme de préparateur en pharmacie mais cette personne n’exercera pas une activité pharmaceutique au sein du bloc et ne sera pas sous responsabilité pharmaceutique. (ARS Bretagne)
A9: Sous réserve que cette option proposée soit retenue, ne serait-il pas plus simple de différencier dans 2 grilles différentes les items d'entretien avec les professionnels, des items d'observation ?
A10: Il parait aussi important d'introduire dans la grille d'entretien / observation la notion de traçabilité en temps réelle tout au long du circuit du DMI plus particulièrement au moment de la pose mais aussi pour les prêts ponctuels. Je pense que ce sont des points critiques dans de nombreux établissements.
A11: Les questions pour les professionnels utilisateurs ne sont pas forcément pertinentes à mon sens : question sur l’information patient et sur l’enregistrement des données Pour moi, ce n’est pas le service utilisateur (bloc) qui va faire l’information au patient mais plutôt les services de soins ; il n’a pas l’information non plus sur l’enregistrement des données.

Sheet back up
E1: Grille d'audit croisé Qualité et Sécurité du circuit des DMI
B4: Grille audit croisé - visite sur site
B5: L'auditeur réalise la visite sur site et : Rencontre la gouvernance : Il analyse la politique, les activités et les actions mise en place par la gouvernance en cohérence avec les documents qui lui ont été fournies en amont. Rencontre les professionnels : Il vérifie la bonne diffusion de la politique, des activités et des actions de l'établissement Rencontre les personnes accompagnées et représentants des usages : Il s'assure de l'implication des usagers dans leur PECM
B6: Macro-processus | C6: Activité | E6: Elément de mesure | F6: Conforme / Non Conforme/ Partiellement conforme (si différence stock/dépôt) | G6: Commentaires auditeurs | H6: Mode d'évaluation | I6: Précision et attendus | J6: Critères de conformité | K6: Référentiels | L6: Commentaires audité
D7: Axe 2 | E7: Rencontre avec la gouvernance (direction, président de la CME, direction des soins ou équivalent, directeur des systèmes d'information, RSMQ DMI ou référent DMI, CLMV, chef et cadre de bloc, pharmacien)
A8: gouvernance | B8: APPROVISIONNEMENT | D8: B1 | E8: Est-ce que les DMI entrants dans l'établissement sont tracés et sécurisés que ce soit pour : les DMI achetés ; les DMI alloués en dépôt permanents/temporaires par les fabricants ou distributeurs ; les échantillons de DMI remis gratuitement ? | H8: Entretien | K8: Art.15 - arrêté du 8 septembre 2021 B-03 ANAP
A9: gouvernance | B9: QGDR | D9: B2 | E9: Une organisation est-elle prévue afin de répondre aux besoins urgents ? | H9: Entretien | K9: Art.15 - arrêté du 8 septembre 2021 L-04 ANAP module PUI Critère 2.3-07
A10: gouvernance | B10: QGDR | D10: B3 | E10: Une organisation est-elle prévue afin de répondre aux exigences liées aux produits de faible stabilité ? | H10: Entretien | K10: Art.15 - arrêté du 8 septembre 2021 L-04 ANAP module PUI Critère 2.3-07
A11: gouvernance | B11: APPROVISIONNEMENT | C11: Dépôts de DMI | D11: B4 | E11: Les responsabilités entre la PUI et le service utilisateur sont-elles formalisées pour les DMI gérés en dépôt dans le système d'information ? | G11: Consultation documentaire | H11: Entretien | I11: La pharmacie à usage intérieur et le service utilisateur formalisent, dans un document, les modalités d’enregistrement des dispositifs médicaux implantables gérés en dépôts et leurs responsabilités respectives. Une copie de ce document est transmise au responsable du système de management de la qualité du circuit des dispositifs médicaux implantables. | K11: Art.15 - arrêté du 8 septembre 2021
A12: gouvernance | B12: DISPOSITIONS ORGANISATIONNELLES | D12: B5 | E12: La direction a-t-elle désigné un responsable du système de mangement de la qualité du circuit des DMI ? | H12: Entretien | I12: Référence à A7 : PV ou CR de la CME/CfME relatif à la désignation du responsable du système de management de la qualité du circuit des DMI (RSMQ-DMI) | K12: Art.6 - arrêté du 8 septembre 2020
A13: gouvernance | B13: DISPOSITIONS ORGANISATIONNELLES | D13: B6 | E13: Les rôles, les responsabilités, les autorités et les délégations de responsabilités à toutes les étapes du circuit des DMI ont-ils été formalisés ? | H13: Entretien | I13: Référence à A3, A4, A5 et A8 : Description du processus constituant le circuit des dispositifs médicaux implantables (DMI) et leur interaction sous forme de procédure ou schéma opérationnel Organigramme Procédures et Modes opératoires intégrant les différentes responsabilités Fiche de poste du RSMQ-DMI | K13: Art.8 - arrêté du 8 septembre 2021
A14: gouvernance | B14: FORMATION ET COMPETENCES DU PERSONNEL | D14: B7 | E14: Un plan de formation pour les acteurs impliqués dans le circuit des DMI est-il mis en place dans l'établissement et plus particulièrement sur les règles de traçabilité sanitaire ? | H14: Entretien | I14: Référence à A9 et A10 : Plan de formation pluriannuel Feuilles d'émargement et tableau de suivi | K14: Art.9 - arrêté du 8 septembre 2021
A15: gouvernance | B15: GESTION DES ÉVÉNEMENTS INDÉSIRABLES | D15: B8 | E15: Une sensibilisation des acteurs impliqués dans le circuit des DMI est-elle mise en place dans l'établissement pour inciter à la déclaration des erreurs, dysfonctionnements ou défauts de traçabilité liés au circuit des dispositifs médicaux implantables ? | H15: Entretien | I15: Référence à A11 et A13 : Charte (de confiance / d'incitation) à (signaler / déclarer) tout type d'événement indésirable porteur de risque (avec ou sans effet) Fiche de déclaration interne des événements indésirables (système de déclaration dématérialisé) | K15: Art.11-arrêté du 8 septembre 2021
A16: gouvernance | B16: GESTION DES ÉVÉNEMENTS INDÉSIRABLES | D16: B9 | E16: Une organisation pour traiter les déclarations internes est-elle formalisée en vue d'améliorer la qualité et la sécurité du circuit des DMI ? | H16: Entretien | I16: Référence à A12 : Procédures de gestion des événements indésirables, erreurs, dysfonctionnements ou défauts de traçabilité liés au circuit des dispositifs médicaux implantables | K16: Art.11 et 12 - arrêté du 8 septembre 2021
A17: gouvernance | B17: GESTION DES ÉVÉNEMENTS INDÉSIRABLES | D17: B10 | E17: Un bilan annuel des actions d'amélioration est-il présenté à la commission/conférence médicale d'établissement ? | H17: Entretien | I17: Référence à A14 et A15 : Echéancier de réalisation des actions d’amélioration en lien avec la déclaration des évènements indésirables Bilan annuel des actions d'amélioration | K17: Art.11 et 12 - arrêté du 8 septembre 2022
A18: gouvernance | B18: GESTION DES ÉVÉNEMENTS INDÉSIRABLES | D18: B11 | E18: Des retours d'expérience sur la gestion des EI sont-ils organisés et formalisés avec les acteurs concernés ? | H18: Entretien | K18: Art.11 - arrêté du 8 septembre 2022 Critère 2.4-04 et 3.7-04
A19: gouvernance | B19: GESTION DES ÉVÉNEMENTS INDÉSIRABLES | D19: B12 | E19: Etes-vous systématiquement sollicité pour l’analyse des évènements indésirables en lien avec le circuit des DMI ? | H19: Entretien | K19: Art.11 - arrêté du 8 septembre 2022 Critère 2.4-04 et 3.7-04
A20: gouvernance | B20: SI | C20: Traçabilité | D20: B13 | E20: L’interopérabilité des systèmes d’information garantit-il les échanges et l'accessibilité des données échangées entre la PUI et le service utilisateur ? | H20: Entretien | K20: Art.15 - arrêté du 8 septembre 2021 Critère 2.2-05 Les équipes de soins ont accès aux informations du patient avec un système d’information adapté
A21: gouvernance | B21: SI | C21: pose de DMI | D21: B14 | E21: L’interopérabilité des systèmes d’information permet-il de retrouver dans le dossier patient informatisé les données enregistrées par le service utilisateur lors de la pose ou de la dépose d'un DMI ? | H21: Entretien | K21: Art.15 - arrêté du 8 septembre 2021 Critère 2.2-05 Les équipes de soins ont accès aux informations du patient avec un système d’information adapté
A22: gouvernance | B22: SI | C22: pose de DMI | D22: B15 | E22: L’interopérabilité des systèmes d’information permet-il de retrouver dans le dossier médical partagé, les données enregistrées par le service utilisateur lors de la pose ou de la dépose d'un DMI ? | H22: Entretien | K22: Art.15 - arrêté du 8 septembre 2021 Critère 2.2-05 Les équipes de soins ont accès aux informations du patient avec un système d’information adapté
A23: gouvernance | B23: SYSTÈME DOCUMENTAIRE | D23: B16 | E23: La direction conjointement avec le président de la commission médicale d’établissement ou de la conférence médicale d’établissement ont-ils établi une politique qualité et sécurité du circuit du DMI ? | H23: Entretien | I23: Référence à A1 : Politique qualité | K23: Art.5 - arrêté du 8 septembre 2019
A24: gouvernance | B24: SYSTÈME DOCUMENTAIRE | D24: B17 | E24: Une organisation permet-elle de s'assurer que le système documentaire relatif au SMQ des DMI est accessible à tout moment, revu et évalué selon une périodicité définie ? | H24: Entretien | I24: Référence à A1 à A6, A12, A14 à A16 : Politique qualité, Description des procesus du circuit des DMI, Procédures et modes opératoires, étude des risques, informations documentées relatives à la planification des actions d'amélioration | J24: Système documentaire relatif au SMQ des DMI : diffusé et accessible à tout moment revu et évalué avec une périodicité définie appliqué à chaque étape du circuit des DMI | K24: Art.7 - arrêté du 8 septembre 2021
A25: gouvernance | B25: SYSTÈME DOCUMENTAIRE | D25: B18 | E25: Un système d'alertes ou de notifications permettant d'informer les professionnels de tout ajout, modification ou suppression d'un document dans le système documentaire relatif au SMQ des DMI a-t-il été mis en place ? | H25: Entretien | K25: Art.7 - arrêté du 8 septembre 2021
A26: gouvernance | B26: SYSTÈME DOCUMENTAIRE | D26: B19 | E26: Une étude des risques et des audits de conformité liés au circuit des DMI ont-ils été réalisés ? | H26: Entretien | I26: Référence à A6 et A16 : Etude des risques encourus par les patients liés aux circuit des DMI Audit de conformité du système de management de la qualité | K26: Art.10 et 13 - arrêté du 8 septembre 2021
D27: Axe 3 | E27: Rencontre avec les professionnels
E28: Entretien avec les professionnels de la Pharmacie
A29: pui | B29: DISPOSITIONS ORGANISATIONNELLES | D29: C1 | E29: Pourriez-vous m'indiquer le nom du responsable du management de la qualité du circuit des DMI ? | H29: Entretien | I29: La direction désigne un responsable du système de management de la qualité du circuit des dispositifs médicaux implantables. Ce responsable est désigné après avis du président de la commission médicale d'établissement. Le responsable du management de la qualité du circuit des DMI (RSMQ) est connu du personnel médico-soignant | K29: Art.6 - arrêté du 8 septembre 2021 A.01 - ANAP module US
A30: pui | B30: DISPOSITIONS ORGANISATIONNELLES | D30: C2 | E30: Pouvez-vous me montrer l'organigramme en lien avec les responsabilités des acteurs impliqués dans le circuit des DMI ? | H30: Entretien | I30: La direction formalise les responsabilités, les autorités et les délégations de responsabilités du personnel à toutes les étapes du circuit des dispositifs médicaux implantables dans le respect de la réglementation et des compétences en vigueur. Elle les communique à tout le personnel impliqué directement ou indirectement dans le circuit des dispositifs médicaux implantables. La direction s’assure que les rôles, responsabilités et autorités des acteurs du SMQCDM sont communiquées et comprises au sein de l’établissement de santé. | K30: Art.8 - arrêté du 8 septembre 2021
A31: pui | B31: GESTION DES ÉVÉNEMENTS INDÉSIRABLES | D31: C3 | E31: Les professionnels de la PUI sont-ils associés à l'analyse des FSEI en lien avec le circuit des DMI et la traçabilité sanitaire ? | H31: Entretien | K31: Art.11 - arrêté du 8 septembre 2021 Critère 2.4-04 et 3.7-04
A32: pui | B32: APPROVISIONNEMENT | C32: Dotation et renouvellement | D32: C4 | E32: Avez-vous un exemplaire de la dotation des DMI mise en place dans le service utilisateur audité ? | H32: Entretien | I32: Ne pas confondre dotation et dépôt La demande de mise en dotation est réalisée par le service utilisateur sur la base de la liste des dispositifs médicaux implantables référencés La liste qualitative et quantitative des dispositifs médicaux implantables mis en dotation est établie pour chaque service utilisateur. La dotation est datée et conjointement signée par le responsable médical du service utilisateur ou, s'il n'est pas désigné, par un médecin du service utilisateur, le cadre de santé du service utilisateur ou son équivalent, et par le pharmacien. La composition de la dotation est évaluée, au minimum une fois par an, au regard de la consommation réelle en dispositifs médicaux implantables et, le cas échéant, révisée. Un exemplaire de cette dotation est transmis à la pharmacie à usage intérieur, de préférence par voie dématérialisée. | K32: Art.15 - arrêté du 8 septembre 2021
A33: pui | B33: APPROVISIONNEMENT | C33: Dotation et renouvellement | D33: C5 | E33: Un pharmacien a-t-il participé à la rédaction et à la révision de la dotation des DMI mise en place dans le service utilisateur audité ? | H33: Entretien | I33: Cette dotation est définie par les médecins du service utilisateur, le cadre de santé ou son équivalent et le pharmacien, pour répondre aux besoins du service utilisateur sur la base de la liste des DMI référencés. L’analyse de la demande de mise en dotation est réalisée par le pharmacien et prend notamment en compte : – les besoins thérapeutiques auxquels répond le service utilisateur ; – les protocoles de soins et les référentiels de bon usage en vigueur ; – la capacité et les conditions de stockage du service utilisateur. | J33: Liste signée par le pharmacien | K33: Art.15 - arrêté du 8 septembre 2021
A34: pui | B34: APPROVISIONNEMENT | C34: Dépôts de DMI | D34: C6 | E34: Une copie des conventions (établies entre le fabricant ou le distributeur et l’établissement de santé en lien avec le pharmacien) pour le(s) dépôt(s) des DMI du service utilisateur audité est-elle disponible ? | H34: Entretien | I34: Une copie de la convention de dépôts des DMI est transmise par la direction au pharmacien gérant de la pharmacie à usage intérieur. La pharmacie à usage intérieur et le service utilisateur formalisent, dans un document, les modalités d’enregistrement des dispositifs médicaux implantables gérés en dépôts et leurs responsabilités respective | K34: Art.15 - arrêté du 8 septembre 2021
A35: pui | B35: APPROVISIONNEMENT | C35: Commande | D35: C7 | E35: Les commandes de DMI auprès d'un fabricant ou d'un distributeur sont-elles informatisées ? | F35: option : oui, non, oui partiellement | H35: Entretien | I35: Les demandes des services utilisateurs permettent à la pharmacie à usage intérieur d’élaborer une commande informatisée auprès d’un fabricant ou d’un distributeur. Il peut s’agir d’une commande en achat ou d’une commande de dispositifs médicaux implantables alloués en dépôt. Une analyse des demandes de dispositifs médicaux implantables par la pharmacie à usage intérieur vise à assurer la conformité de ces demandes au regard des dotations définies, des exigences réglementaires et, le cas échéant, des règles internes à l’établissement de santé | K35: Art.15 - arrêté du 8 septembre 2021 H-03 ANAP module PUI
A36: pui | B36: APPROVISIONNEMENT | D36: C19 | E36: Une conduite à tenir en cas d'indisponibilité d'un DMI à la date prévue de l'intervention (ex : en cas de rupture d’approvisionnement, de retrait de lot, d’alerte sanitaire, en dehors des horaires d'ouverture de la PUI) a-t-elle été formalisée avec le service ? | H36: Entretien | I36: En cas d’indisponibilité à la date prévue d'utilisation, la pharmacie à usage intérieur informe le service utilisateur afin d’envisager la conduite à tenir. | K36: Art.15 - arrêté du 8 septembre 2021 K-08 ANAP module PUI Critère 2.3-07
A37: pui | B37: APPROVISIONNEMENT | C37: Réception par la PUI | D37: C20 | E37: La réception des DMI par la PUI fait-elle l'objet d'un rapprochement entre le bon de commande, le bon de livraison du fabricant ou du distributeur et les DMI effectivement livrés? | H37: Observation | I37: La réception des dispositifs médicaux implantables par la pharmacie à usage intérieur, fait l’objet d’un rapprochement entre le bon de commande, le bon de livraison du fabricant ou du distributeur et les dispositifs médicaux implantables effectivement livrés. La réception ainsi validée, fait l’objet d’un enregistrement informatique, en temps réel, dans le système d’information de l’établissement de santé ou de l’installation de chirurgie esthétique, à l’aide d’un système d’identification et de saisie automatiques des données adapté à la lecture des informations relatives aux dispositifs médicaux implantables retranscrites dans le support IUD. | K37: Art.15 - arrêté du 8 septembre 2021 I-04 ANAP module PUI
A38: pui | B38: SI | C38: Réception par la PUI | D38: C21 | E38: La réception est-elle enregistrée informatiquement, en temps réel, dans le SI ? | H38: Observation | K38: Art.15 - arrêté du 8 septembre 2021 I-03 ANAP module PUI
A39: pui | B39: SI | C39: Réception par la PUI | D39: C22 | E39: A la réception des DMI, est-ce qu'un système d'identification et de saisie automatique des données adapté (lecteurs de code à barres/datamatrix) permet d'intégrer les informations extraites de l'IUD ? | H39: Observation | K39: Art.15 - arrêté du 8 septembre 2021 I-07 et I-08 ANAP module PUI
A40: pui | B40: SI | C40: Réception par la PUI | D40: C23 | E40: A la réception, les DMI gérés en dépôt permanent font l'objet d'un enregistrement informatique avant leur livraison aux services utilisateurs | F40: prévoir NA si pas de dépôt | H40: Observation | K40: Art.15 - arrêté du 8 septembre 2021 N-04 ANAP module PUI
B41: SI | C41: Réception par la PUI | D41: C24 | E41: A la réception, les DMI gérés en dépôt temporaire font l'objet d'un enregistrement informatique avant leur livraison aux services utilisateurs | H41: Observation
A42: pui | B42: STOCKAGE ET DETENTION | D42: C38 | E42: Les locaux de la PUI permettent des conditions adaptées pour assurer la conservation de l'intégrité et de la stérilité des DMI | F42: prévoir non applicable si pas de stock à la PUI | H42: Observation | I42: Les locaux de la pharmacie à usage intérieur utilisés pour le stockage des dispositifs médicaux implantables sont régulièrement entretenus, d’un volume adapté au volume du stock détenu, à l’abri de la lumière solaire directe et de contaminations de toute nature, à température adaptée, avec une ventilation adaptée. Les dispositifs médicaux implantables ne sont pas stockés à même le sol, absence de périmés | K42: Art.15 - arrêté du 8 septembre 2021 J-02 et J-03 ANAP module PUI Critère 2.3-07
A43: pui | B43: RECEPTION ET STOCKAGE AU SEIN DU SERVICE UTILISATEUR | C43: Stockage au sein du sevice utilisateur | D43: C39 | E43: Des audits des conditions de stockage et de détention des DMI dans les US sont planifiées et réalisés régulièrement par la PUI, a minima annuellement (dotation, étiquetage, péremption, respect du système plein/vide le cas échéant, respect des conditions de stockage …) pour garantir la sécurité et la performance clinique des produits stockés. | H43: Entretien | I43: La pharmacie à usage intérieur, procède à des audits réguliers, a minima annuels, des conditions de stockage et de détention des dispositifs médicaux implantables dans les services utilisateurs pour garantir la sécurité et les performances cliniques des produits stockés | J43: un procès-verbal des audits est disponible : daté de moins d'un an et co-signé par le pharmacien et le responsable médical du service utilisateur ou par un médecin du service. | K43: Art.15 - arrêté du 8 septembre 2021 E-07 ANAP module PUI
A44: pui | B44: DISPENSATION | C44: Délivrance | D44: C40 | E44: Les règles de délivrance permettant d'assurer la conservation de l'intégrité et de la stérilité des DMI sont-elles définies et formalisées? | H44: Entretien | I44: La délivrance de dispositifs médicaux implantables aux services utilisateurs est assurée par la pharmacie à usage intérieur, dans des conditions optimales destinées à assurer la conservation de leur intégrité et de leur stérilité. | K44: Art.15 - arrêté du 8 septembre 2021 K-05 ANAP module PUI
A45: pui | B45: DISPENSATION | C45: Délivrance | D45: C41 | E45: La délivrance est-elle enregistrée informatiquement, en temps réel, dans le SI ? | H45: Entretien | I45: La pharmacie à usage intérieur enregistre l’ensemble des données relatives à la délivrance des dispositifs médicaux implantables dans le système d’information de l’établissement de santé ou de l’installation de chirurgie esthétique. | K45: Art.15 - arrêté du 8 septembre 2021 K-06 et K-07 ANAP module PUI
A46: pui | B46: DISPENSATION | C46: Délivrance | D46: C42 | E46: A la délivrance des DMI, est-ce qu'un système d'identification et de saisie automatique des données adapté (lecteurs de code à barres/datamatrix) permet d'intégrer les informations extraites de l'IUD ? | H46: Entretien | I46: L’enregistrement est réalisé à l’aide d’un système d’identification et de saisie automatiques des données adapté à la lecture des informations relatives aux dispositifs médicaux implantables retranscrites dans le support IUD.
A47: pui | B47: DISPENSATION | C47: Délivrance | D47: C55 | E47: Mettez-vous à disposition du service utilisateur les informations et référentiels nécessaires au bon usage du dispositif médical implantable ? (pour information un résumé des caractéristiques de sécurité et des performances cliniques peut être mis à disposition par le fabricant) | H47: Entretien : Pharmacien | I47: Le service utilisateur et la pharmacie à usage intérieur prennent en compte les informations relatives au dispositif médical implantable et notamment le contenu du résumé des caractéristiques de sécurité et des performances cliniques disponible dans EUDAMED (s'il ne figure pas dans EUDAMED, soit le RCSP doit être mis à disposition du public sur demande, soit le fabricant doit préciser où il est mis à disposition du public). Le cas échéant, la pharmacie à usage intérieur met à disposition du service utilisateur les informations et référentiels nécessaires au bon usage du dispositif médical implantable. | K47: Art.15 - arrêté du 8 septembre 2021 Art. 32 - règlement (UE) 2017/745 MDCG 2021-1 Rev.1, Guidance on harmonised administrative practices and alternative technical solutions until EUDAMED is fully functional, May 2021
A48: pui | B48: APPROVISIONNEMENT | C48: Transport | D48: C56 | E48: Les équipements utilisés pour le transport des DMI permettent d'identifier le service utilisateur destinataire | H48: Observation | I48: L'organisation du transport doit permettre l’approvisionnement des unités de soins dans des conditions d'hygiène et de sécurité : *de façon régulière mais prévoir des procédures de livraison spécifiques, notamment pour les transports rapides liés à des demandes ponctuelles, urgentes ou à des produits particuliers *de manière à garantir l'intégrité, la stérilité et la confidentialité par tout système de fermeture approprié *de manière à réaliser une traçabilité des opérations de transport *afin d'assurer la réception des DMI dans les services utilisateurs | K48: Critère 2.3-07 Art.15 - arrêté du 8 septembre 2021
E49: Entretien avec les professionnels du service utilisateur
A50: BO | B50: APPROVISIONNEMENT | C50: Demande | D50: D1 | E50: La liste de DMI référencés au sein de l'établissement est-elle accessible ? | H50: Entretien | I50: La commission médicale d'établissement élabore la liste des dispositifs médicaux implantables dont l'utilisation est préconisée dans l'établissement de santé. Ne pas confondre la liste des DMI référencés et la liste de dotation | J50: Le professionnel sait si un DMI est référencé ou non | K50: Art.15 - arrêté du 8 septembre 2021
A51: BO | B51: APPROVISIONNEMENT | C51: Dotation et renouvellement | D51: D2 | E51: Une liste qualitative et quantitative des DMI en dotation est disponible | H51: Observation | I51: La demande de mise en dotation est réalisée par le service utilisateur sur la base de la liste des dispositifs médicaux implantables référencés La liste qualitative et quantitative des dispositifs médicaux implantables mis en dotation est établie pour chaque service utilisateur. La dotation est datée et conjointement signée par le responsable médical du service utilisateur ou, s'il n'est pas désigné, par un médecin du service utilisateur, le cadre de santé du service utilisateur ou son équivalent, et par le pharmacien. La composition de la dotation est évaluée, au minimum une fois par an, au regard de la consommation réelle en dispositifs médicaux implantables et, le cas échéant, révisée. | J51: La liste des DMI en dotation est disponible et conforme à l'article 15 de l'arrêté : - liste qualitative et quantitative : IUD-ID si disponible, nom ou dénomination commerciale du dispositif selon la nomenclature de référence en vigueur, nom du fabricant et le cas échéant de son mandataire, référence ou numéro dans le catalogue du fabricant, dimensions cliniques (dont le volume, la longueur, le calibre, le diamètre); le cas échéant, le nom du distributeur et la référence ou le numéro dans le catalogue du distributeur; la quantité maximale - datée et conjointement signée par le responsable médical du service utilisateur/ cadre du service utilisateur/ pharmacien - révision < 1 an | K51: Art.15 - arrêté du 8 septembre 2021 B-06 et B-07 ANAP
A52: BO | B52: APPROVISIONNEMENT | C52: Dotation et renouvellement | D52: D3 | E52: Le renouvellement des dispositifs médicaux implantables en dotation est effectué par la PUI sur présentation des éléments de traçabilité justifiant leur utilisation | G52: Préciser la nature du support utilisé (informatique, papier) et les informations disponibles | H52: Observation | I52: Le renouvellement des dispositifs médicaux implantables en dotation est effectué par la PUI sur présentation des éléments justifiant leur utilisation. Préciser la nature du support utilisé (informatique, papier) et les informations disponibles | K52: Art.15 - arrêté du 8 septembre 2021
A53: BO | B53: APPROVISIONNEMENT | C53: Demande hors dotation | D53: D4 | E53: Le SI permet-il de faire une demande pour les DMI référencés mais non compris dans la dotation du service ? | H53: Observation | I53: Si un dispositif médical implantable, figurant sur la liste des dispositifs médicaux implantables référencés par l’établissement de santé mais non compris dans la dotation du service fait l’objet d’un besoin, une demande est transmise à la pharmacie à usage intérieur par le service utilisateur via le système d’information de l’établissement. | K53: Art.15 - arrêté du 8 septembre 2021 B-03 ANAP
A54: BO | B54: APPROVISIONNEMENT | C54: Demande exceptionnelle | D54: D5 | E54: A titre exceptionnel, un formulaire est-il prévu pour permettre de faire une demande à la PUI de DMI non référencés au sein de l'établissement pour répondre à un besoin spécifique ? | H54: Entretien | I54: A titre exceptionnel, un service utilisateur peut solliciter, auprès du pharmacien, un dispositif médical implantable ne figurant pas sur la liste des dispositifs médicaux référencés par l’établissement de santé afin de répondre à un besoin spécifique. Cette demande doit être justifiée et transmise à la pharmacie à usage intérieur via le système d’information de l’établissement. | K54: Art.15 - arrêté du 8 septembre 2021 B-03 ANAP
A55: BO | B55: APPROVISIONNEMENT | C55: Dépôts de DMI | D55: D6 | E55: Un inventaire des DMI en dépôts, réalisé avec la PUI et le fabricant ou le distributeur, a-t-il lieu au moins une fois par an? | H55: Entretien | I55: Chaque dépôt de dispositifs médicaux implantables dans les services utilisateurs fait l’objet d’au moins un inventaire annuel réalisé avec le service utilisateur, la pharmacie à usage intérieur et le fabricant ou le distributeur. | J55: PV ou CR de moins d'un an - modalités inventaires précisées dans la convention signée entre la direction et le fabricant ou le fournisseur | K55: Art.15 - arrêté du 8 septembre 2021
A56: BO | B56: RECEPTION ET STOCKAGE AU SEIN DU SERVICE UTILISATEUR | C56: Réception | D56: D21 | E56: Les DMI sont livrés dans une zone identifiée et sécurisée | H56: Entretien | K56: Art.15 - arrêté du 8 septembre 2021
A57: BO | B57: RECEPTION ET STOCKAGE AU SEIN DU SERVICE UTILISATEUR | C57: Réception | D57: D22 | E57: La réception des DMI fait l'objet d'une contrôle de concordance entre les DMI réceptionnés, le bordereau de demande et le bon de livraison | H57: Observation | I57: La réception des dispositifs médicaux implantables par le service utilisateur fait l’objet d’un rapprochement entre la demande réalisée auprès de la pharmacie à usage intérieur et les dispositifs médicaux implantables effectivement livrés au service utilisateur. Ce rapprochement est réalisé par le service utilisateur sur la base des données relatives à la délivrance, transmises par la pharmacie à usage intérieur dans le système d’information. | K57: Art.15 - arrêté du 8 septembre 2021 C.03 ANAP module US
A58: BO | B58: SI | C58: Réception | D58: D23 | E58: La réception est validée en temps réel par le service utilisateur et fait l’objet d’un enregistrement dans le SI | H58: Observation | K58: Art.15 - arrêté du 8 septembre 2021
A59: BO | B59: RECEPTION ET STOCKAGE AU SEIN DU SERVICE UTILISATEUR | C59: Stockage | D59: D24 | E59: Le stockage des DMI est sécurisé | H59: Observation | K59: Art.15 - arrêté du 8 septembre 2021 D.01 - ANAP module US
A60: BO | B60: RECEPTION ET STOCKAGE AU SEIN DU SERVICE UTILISATEUR | C60: Stockage | D60: D25 | E60: Avez-vous été formé aux règles de stockage des DM notamment DMI (dotation, gestion en "plein-vide", rotation du type PPPS ("premier périmé, premier sorti"), absence de plicature des emballages, pas d’inscription sur les emballages, pas de produits entassés ou regroupés avec des liens élastiques, ....)? | H60: Entretien | I60: Le rangement des dispositifs médicaux implantables est réalisé en fonction des dates d’expiration. Une formation spécifique à la mise en œuvre des procédures et modes opératoires de l’établissement de santé s’impose à tous les acteurs impliqués dans le circuit des dispositifs médicaux implantables, notamment à leur prise de fonction et lors de la mise en place de nouvelles procédures ou de nouveaux modes opératoires. Le suivi d’une formation à la gestion des risques liés aux dispositifs médicaux implantables est recommandé à tous les acteurs du circuit des dispositifs médicaux implantables | K60: Art.15 - arrêté du 8 septembre 2021 D.02 ANAP module US Critère 2.3-07
A61: BO | B61: RECEPTION ET STOCKAGE AU SEIN DU SERVICE UTILISATEUR | C61: Stockage | D61: D26 | E61: Les dates de péremption des DMI en dotation sont vérifiés périodiquement selon un calendrier défini avec traçabilité. | H61: Observation | J61: Contrôle enregistré des péremptions | K61: D.09 ANAP module US Critère 2.3-07
A62: BO | B62: RECEPTION ET STOCKAGE AU SEIN DU SERVICE UTILISATEUR | C62: Stockage | D62: D27 | E62: Les équipements ou locaux de l'US sont adaptés pour garantir des conditions optimales de stockage des DMI (surface, dimensions, rayonnages, volume adapté…), assurer le maintien de l'état stérile (ventilation approprié, à l'abri de la lumière et des contaminations de toute nature, ...). | H62: Observation | I62: Les emplacements de stockage du service utilisateur sont d’un volume adapté, à l’abri de la lumière solaire directe et de contaminations de toutes natures, à température adaptée, avec une ventilation appropriée. Les conditions de stockage sont conformes aux spécifications des fabricants afin de ne pas altérer la sécurité et les performances cliniques du produit. Les dispositifs médicaux implantables ne sont pas stockés à même le sol. | K62: Art.15 - arrêté du 8 septembre 2021 D.04 et 06 ANAP module US Critère 2.3-07
A63: BO | B63: RECEPTION ET STOCKAGE AU SEIN DU SERVICE UTILISATEUR | C63: Stockage | D63: D28 | E63: Un relevé de traçabilité de l'entretien des emplacements de stockage des DMI est réalisé ? | H63: Observation | I63: Les emplacements de stockage du service utilisateur sont régulièrement entretenus | K63: Art.15 - arrêté du 8 septembre 2021 D.05 ANAP module US
A64: BO | B64: SI | C64: Pose de DMI | D64: D29 | E64: La pose d'un DMI fait l’objet d’un enregistrement en temps réel dans le SI de santé par le service utilisateur au moment de l'utilisation | H64: Observation | I64: Au moment de l'utilisation d'un dispositif médical implantable, le service utilisateur enregistre dans le système d'information de l'établissement de santé, à l'aide d'un système d'identification et de saisie automatiques des données, les informations suivantes : la date d'utilisation du dispositif, les données relatives à l'identité et à l'identification du patient, les données relatives à l'identité du professionnel de santé | K64: Art.15 - arrêté du 8 septembre 2021
A65: BO | B65: SI | C65: Pose de DMI | D65: D30 | E65: L'enregistrement de la pose dans le SI de santé est fait à l'aide d'un système d'identification et de saisie automatiques des données adapté (lecteurs de code à barres/datamatrix) | H65: Observation | K65: Art.15 - arrêté du 8 septembre 2021
A66: BO | B66: SI | C66: Pose de DMI | D66: D31 | E66: Les échecs de pose d'un DMI sont-ils tracés et signalés ? | H66: Entretien
A67: BO | B67: SI | C67: Pose de DMI | D67: D33 | E67: Les données enregistrées au moment de la pose de DMI par le service utilisateur viennent compléter les données préalablement enregistrées par la PUI au moment de la délivrance | H67: Observation | J67: Non conforme si données DMI non transmises par la PUI dans le SI au moment de la délivrance ou si données resaisies par le service utilisateur | K67: Art.15 - arrêté du 8 septembre 2021 Critère 2.2-05 Les équipes de soins ont accès aux informations du patient avec un système d’information adapté
A68: BO | B68: GESTION DES ÉVÉNEMENTS INDÉSIRABLES | C68: Pose de DMI | D68: D34 | E68: Existe-t-il une organisation pour contrôler la mise à disposition effective du DMI dans le service à minima 48h avant une intervention programmée (exemple check-list matériel 48 heures avant toute intervention programmée de la HAS) ? | H68: Entretien | I68: Avant toute utilisation d’un dispositif médical implantable, il est nécessaire de : – s’assurer de la bonne identification du patient conformément aux procédures d’identitovigilance en vigueur dans l’établissement de santé ou dans l’installation de chirurgie esthétique ; – s’assurer de disposer des ancillaires, des accessoires de dispositif définis à l’article 2 du règlement (UE) 2017/745 susvisé et, le cas échéant, des équipements biomédicaux ; – s’assurer de disposer, le cas échéant, de dispositifs médicaux implantables supplémentaires permettant la prise en charge du patient ; – vérifier la conformité du dispositif médical implantable au regard de ses conditions d’utilisation ; – vérifier la date d’expiration du ou des dispositifs ; – vérifier l’intégrité technique des équipements ; – contrôler l’intégrité de l’emballage assurant le maintien de l’état stérile du ou des dispositifs Pour information la HAS propose un outil : "check-list matériel 48 heures avant toute intervention programmée" (https://www.has-sante.fr/upload/docs/application/pdf/2023-03/ssp2_check_list_materiel_48_h_avant_chirurgie.pdf) | K68: Art.15 - arrêté du 8 septembre 2021 Critère 2.3-07 Critère 2.3-01
A69: BO | B69: GESTION DES ÉVÉNEMENTS INDÉSIRABLES | D69: D35 | E69: Les professionnels du service sont-ils associés à l'analyse des FSEI en lien avec le circuit des DMI et la traçabilité sanitaire ? | H69: Entretien | K69: Art.14 - arrêté du 8 septembre 2021 Critère 2.4-04 et 3.7-04
A70: BO | B70: GESTION DES ÉVÉNEMENTS INDÉSIRABLES | D70: D36 | E70: Savez-vous comment contacter le correspondant local de matériovigilance ou son suppléant ? | H70: Entretien | K70: Art.12 - arrêté du 8 septembre 2021 A.04 ANAP module US Critère 2.3-02
A71: BO | B71: GESTION DES ÉVÉNEMENTS INDÉSIRABLES | D71: D37 | E71: Pouvez-vous me montrer comment déclarer un événement indésirable ? | H71: Entretien/ Observation | K71: Art.11 - arrêté du 8 septembre 2021 Critère 2.4-04
A72: BO | B72: GESTION DES ÉVÉNEMENTS INDÉSIRABLES | D72: D38 | E72: Participez-vous à des évaluations des pratiques professionnelles sur les étapes clés du circuit du DMI ? | H72: Entretien | K72: Critère 2.4-01
A73: BO | B73: GESTION DES ÉVÉNEMENTS INDÉSIRABLES | D73: D39 | E73: Un recueil des non conformités/dysfonctionnements (réception, transport, traçabilité, délivrance, ...) est-il mis en place ? | H73: Entretien | K73: Art.11 - arrêté du 8 septembre 2021
A74: BO | B74: GESTION DES ÉVÉNEMENTS INDÉSIRABLES | D74: D40 | E74: Les non-conformités/dysfonctionnements détectés font-ils l’objet d’une analyse des causes et d’actions correctives ? | H74: Entretien | K74: Art.12 - arrêté du 8 septembre 2021
A75: BO | B75: SYSTÈME DOCUMENTAIRE | D75: D41 | E75: Avez-vous été sollicité pour alimenter une étude des risques liés au circuit des DMI ? | H75: Entretien | I75: La direction veille à ce qu’un système documentaire relatif au management de la qualité du circuit des dispositifs médicaux implantables soit établi et tenu à jour. Il comprend les informations documentées suivantes : Une étude des risques encourus par les patients liés au circuit des dispositifs médicaux implantables dont celles mentionnée à l’article 10 | K75: Art.7 et 10 - arrêté du 8 septembre 2021
E76: Entretien avec les professionnels en charge de l'information du patient
A77: BO ou service de soins | B77: INFORMATION PATIENT | C77: Document | D77: D37 | E77: La remise d'un document au patient (reprenant les informations relatives à l'implantation d'un DMI) lors de sa sortie est-elle formalisée ? | H77: Entretien | I77: A l’issue des soins, l’établissement de santé ou l’installation de chirurgie esthétique transmet au patient le document mentionné à l’article R. 5212-42 du code de la santé publique. Pour les dispositifs médicaux implantables certifiés conformément au règlement (EU) 2017/745 susvisé, l’établissement de santé ou l’installation de chirurgie esthétique met à la disposition du patient chez lequel un dispositif a été implanté : *Les informations jointes au dispositif médical implantable par le fabricant, mentionnées au 1 de l’article 18 du règlement précité, par tout moyen permettant un accès rapide auxdites informations ; *La carte d’implant mentionnée à l’article 18 du règlement précité. | K77: Article 18 règlement (EU) 2017/740 Article R5212-42 Art.15 - arrêté du 8 septembre 2021 Critère 2.2-20
A78: BO ou service de soins | B78: INFORMATION PATIENT | C78: Document | D78: D38 | E78: Les informations transmises au patient sont traçées dans le dossier patient informatisé | H78: Observation | K78: Art.15 - arrêté du 8 septembre 2021 Article R1112-2
A79: BO ou service de soins | B79: INFORMATION PATIENT | C79: Document | D79: D39 | E79: Les informations transmises au patient sont traçées dans la lettre de liaison de sortie | H79: Observation | I79: La lettre de liaison contient notamment une synthèse médicale du séjour précisant les informations permettant l'identification du dispositif médical implantable et les éléments relatifs à son utilisation. | K79: Art.15 - arrêté du 8 septembre 2021 Décret n° 2016-995 du 20 juillet 2016 relatif aux lettres de liaison Article R1112-1-2 Critère 2.2-20
A80: BO ou service de soins | B80: TRACABILITE | C80: Information du patient | D80: D41 | E80: Identification du dispositif (nom, numéro de série, numéro de lot, IUD, modèle du dispositif, nom, adresse et site internet du fabricant) | H80: Observation | K80: Article 18 règlement (EU) 2017/740 Art.15 - arrêté du 8 septembre 2021
A81: BO ou service de soins | B81: TRACABILITE | C81: Information du patient | D81: D42 | E81: Lieu et date d'utilisation | H81: Observation | K81: Article 18 règlement (EU) 2017/740 Art.15 - arrêté du 8 septembre 2021
A82: BO ou service de soins | B82: TRACABILITE | C82: Information du patient | D82: D43 | E82: Nom du médecin ou chirurgien dentiste utilisateur | H82: Observation | K82: Article 18 règlement (EU) 2017/740 Art.15 - arrêté du 8 septembre 2021
A83: BO ou service de soins | B83: TRACABILITE | C83: Information du patient | D83: D44 | E83: Durée de vie prévue du DMI et suivi éventuel | H83: Observation | K83: Article 18 règlement (EU) 2017/740 Art.15 - arrêté du 8 septembre 2021
A84: BO ou service de soins | B84: TRACABILITE | C84: Information du patient | D84: D45 | E84: Mises en garde, précautions ou mesures à prendre par le patient ou par un professionnel de santé à l'égard des interférences réciproques avec des sources ou conditions d'environnement extérieures ou des examens médicaux raisonnablement prévisibles | H84: Observation | K84: Article 18 règlement (EU) 2017/740 Art.15 - arrêté du 8 septembre 2021 Évaluation de la compatibilité IRM des dispositifs médicaux implantables par la CNEDiMTS
A85: BO ou service de soins | B85: TRACABILITE | C85: Information du patient | D85: D46 | E85: Toute autre information destinée à garantir l'utilisation sûre du dispositif par le patient, notamment les informations figurant dans la notice d'utilisation | H85: Observation | I85: Les informations quantitatives et qualitatives générales sur les matériaux et substances auxquels les patients sont susceptibles d'être exposés | K85: Article 18 règlement (EU) 2017/740 Art.15 - arrêté du 8 septembre 2021
A86: BO ou service de soins | B86: INFORMATION MEDECIN TRAITANT | C86: Document | D86: D47 | E86: La lettre de liaison est-elle transmise au médecin traitant par messagerie sécurisée ou par tout moyen garantissant la confidentialité des informations le jour de la sortie du patient ? | H86: Entretien | I86: La lettre de liaison est transmise le jour de la sortie du patient de l'établissement, au médecin traitant et, le cas échéant, au praticien qui a adressé le patient à l'établissement, par messagerie sécurisée ou par tout moyen garantissant la confidentialité des informations. | K86: Art.15 - arrêté du 8 septembre 2021 Décret n° 2016-995 du 20 juillet 2016 relatif aux lettres de liaison Article R1112-1-2 Critère 2.2-20
D87: Axe 4 | E87: Rencontre avec le(s) patient(s) et le(s) représentant(s) des usagers
B88: INFORMATION PATIENT | D88: E1 | E88: Avant l'intervention : avez-vous été informé et associé à l'évaluation bénéfice/risque liés à votre prise en charge ? | H88: Entretien patient | K88: Art.15 - arrêté du 8 septembre 2021 Article L. 1111-4 du code de la santé publique. Critère 1.1-03
B89: INFORMATION PATIENT | D89: E2 | E89: Votre consentement a-t-il été recueilli lors de la consultation préalable à la pose du DMI | H89: Entretien patient | I89: Lors de la consultation préalable à l’utilisation du dispositif médical implantable, le consentement du patient est recueilli conformément aux dispositions de l’article L. 1111-4 du code de la santé publique. Aucun acte médical ni aucun traitement ne peut être pratiqué sans le consentement libre et éclairé de la personne et ce consentement peut être retiré à tout moment | K89: Art.15 - arrêté du 8 septembre 2021 Article L. 1111-4 du code de la santé publique. Critère 1.1-03
B90: INFORMATION PATIENT | D90: E3 | E90: Vous a-t-on remis une carte d'implant et/ou tout autre document d'informations équivalent lors de votre sortie d'hospitalisation ? | H90: Entretien patient | I90: A l’issue des soins, l’établissement de santé ou l’installation de chirurgie esthétique transmet au patient le document mentionné à l’article R. 5212-42 du code de la santé publique. Les établissements de santé mettent à la disposition des patients chez lesquels le dispositif a été implanté les informations, par tout moyen permettant un accès rapide auxdites informations, ainsi que la carte d'implant, sur laquelle est mentionnée leur identité. | K90: Article 18 règlement (EU) 2017/740 Article R5212-42 Art.15 - arrêté du 8 septembre 2021 Critère 1.1-03
B91: INFORMATION PATIENT | D91: E4 | E91: Ce document vous permet-t-il d'identifier le DMI, la date et le lieu de pose ainsi que l'identité du professionnel qui vous l'a implanté? | H91: Entretien patient | K91: Art.15 - arrêté du 8 septembre 2021 Article L. 1111-4 du code de la santé publique. Critère 1.1-03
B92: INFORMATION PATIENT | D92: E5 | E92: Avez-vous été informé des mises en garde, précautions ou mesures à prendre à l’égard des interférences réciproques avec des sources ou conditions d’environnement extérieures ou des examens médicaux ? | H92: Entretien patient | K92: Art.15 - arrêté du 8 septembre 2021 Article L. 1111-4 du code de la santé publique. Critère 1.1-03 Évaluation de la compatibilité IRM des dispositifs médicaux implantables par la CNEDiMTS
B93: INFORMATION PATIENT | D93: E6 | E93: Avez-vous reçu des informations sur la durée de vie prévue du dispositif et le suivi éventuellement nécessaire ? | H93: Entretien patient | K93: Art.15 - arrêté du 8 septembre 2021 Article L. 1111-4 du code de la santé publique. Critère 1.1-03

Sheet Liste
A1: Liste 1 | B1: Cotation liste 1 | D1: Liste 2 | E1: Cotation liste 2 | G1: Liste 3 | H1: Cotation liste 3 | J1: Liste 4 | K1: Cotation liste 4 | M1: Liste 5 | N1: Cotation liste 5 | P1: Liste 6 | Q1: Cotation liste 6 | S1: Liste 7 | T1: Cotation liste 7 | V1: Liste 8 | W1: Cotation liste 8 | Y1: Liste 9 | Z1: Cotation liste 7
A2: Disponible | B2: 1 | D2: Oui informatique (saisie automatique) | E2: 1 | G2: Oui | H2: 1 | J2: Oui | K2: 1 | M2: Oui | N2: 1 | P2: Oui informatique (saisie automatique) | Q2: 1 | S2: Oui | T2: 1 | V2: Oui | W2: 1 | Y2: Oui totalement | Z2: 1
A3: Non disponible | B3: 0 | D3: Oui informatique (saisie manuelle) | E3: 0.5 | G3: Non | H3: 0 | J3: Non | K3: 0 | M3: En cours | N3: 0.5 | P3: Oui informatique (saisie manuelle) | Q3: 0.5 | S3: Oui partiellement | T3: 0.5 | V3: Oui partiellement | W3: 0.5 | Y3: Oui partiellement pour les DMI en achat et/ou en dépôts permanents | Z3: 0.5
D4: Oui papier | E4: 0.2 | J4: Non applicable | K4: -1 | M4: Non | N4: 0 | P4: Oui papier | Q4: 0.2 | S4: Non | T4: 0 | V4: Non | W4: 0 | Y4: Non | Z4: 0
D5: Non | E5: 0 | P5: Non | Q5: 0 | V5: Non applicable | W5: -1
P6: Non applicable | Q6: -1

Sheet Lisez-moi
A1: Grille d'audit croisé Evaluation de la mise en oeuvre du management de la qualité du circuit des DMI
A2: Préambule
A3: Le décret n°2006-1497 du 29 novembre 2006 sur la matériovigilance a fixé les règles particulières de la matériovigilance exercée sur certains dispositifs médicaux (DM). Ces règles ont pour objet de permettre d'identifier rapidement : 1° Les patients pour lesquels les dispositifs médicaux d'un lot ont été utilisés ; 2° Les lots dont proviennent les dispositifs médicaux utilisés chez un patient. Dans l’instruction DGOS/PF2/2015/200 du 15 juin 2015 relative aux résultats de l’enquête nationale sur l’organisation de la traçabilité sanitaire des DM implantables (DMI), il est recommandé d’effectuer des contrôles sous forme d’inventaires périodiques ou d’audits réguliers pour s’assurer de la présence des informations de traçabilité. L’arrêté du 8 septembre 2021 relatif au management de la qualité du circuit des dispositifs médicaux implantables dans les établissements de santé et les installations de chirurgie esthétique définit les exigences pour assurer la qualité, la sécurisation et la traçabilité à chaque étape du circuit des DMI. Le critère 1.1.10 du manuel HAS de certification des établissements de santé permet d'évaluer si le patient est informé des dispositifs médicaux qui lui sont implantés durant son séjour et reçoit les consignes de suivi appropriées
A4: Champ d'application
A5: * Etablissements de santé publics, privés et privés d'intérêt collectif avec une activité de chirurgie * Dispositifs médicaux implantables soumis aux règles particulières de traçabilité prévues le cas échéant à l’article R. 5212-36 du code de la santé
A6: Objectifs
A7: L'outil "Evaluation de la mise en oeuvre du management de la qualité du circuit des DMI" a pour objectifs d'/de : - susciter un dialogue interprofessionnels et inter-établissements sur la mise en œuvre du système de management de la qualité des DMI - comparer les pratiques professionnelles des établissements de santé entre eux à partir d'une méthode et d'un référentiel commun, - évaluer l'organisation mise en place par la structure auditée pour garantir la sécurisation du circuit des DMI - évaluer la complétude des informations de traçabilité sanitaire, à chaque étape du circuit des DMI - identifier les points forts et les axes d'amélioration envisageables au sein de la structure auditée, - élaborer un plan d'actions adapté à la structure. Attention : Les résultats de l’audit ne préjugent en rien des résultats de la visite d'évaluation externe (HAS) ou d’inspections.
A8: Présentation de l'outil
A9: L'outil est constitué de 8 onglets à remplir en 2 temps : - en amont de la visite : 3 onglets à renseigner par l'établissement audité (étape 1 et étape 2) et 4 dossiers patient à préparer pour l'onglet "Information sortie" rempli au cours de la visite - au cours de la visite : 5 onglets à renseigner par les auditeurs (étape 3 et étape 4) L'outil comporte également un onglet "Résultats" et un onglet "Plan d'actions"
A10: Etape 1 : Informations générales (en amont de la visite) : Cet onglet permet d'identifier la structure auditée et le périmètre de l'audit : L'activité 1 correspond au secteur avec le plus grand volume de DMI posés au sein de la structure L'activité 2 est laissée à l'appréciation des audités (outil de traçabilité différent, circuit différent, ...) NB : Le service ou plateau technique audité doit faire partie de l'une des 2 activités retenues Les professionnels devront indiquer quelle activité a été retenue pour la rencontre avec les acteurs du bloc opératoire
A20: Etape 2 : Auto-évaluation (en amont de la visite) : L'étape d'auto-évaluation comprend les 2 onglets suivants "Documents disponibles" (25 critères) et "Enregistrement des données" (46 critères) Les professionnels de la structure auditée devront saisir les réponses pour chaque élément d'évaluation de ces 2 onglets La grille renseignée sera transmise aux auditeurs en amont de leur visite NB : Les documents relatifs à la qualité et à la sécurité du circuit des DMI de l'établissement audité pourront être demandés pour consultation par les auditeurs le jour de la rencontre avec les acteurs
A23: Etape 3 - Rencontre avec les acteurs (lors de la visite) : Cette étape comprend les 4 onglets suivants : "Encadrement-instances" (27 critères), "PUI" (24 critères), "Bloc opératoire" (26 critères) et "Entretien patient" (7 critères) Pour l'onglet "Entretien patient", choisir un patient porteur d'un DMI nécessitant la remise d'une carte d'implant Les éléments d'évaluation sont déclinés autour de 7 axes : - Gouvernance - Qualité et gestion des risques - Système d'information - Réception/stockage - Délivrance/transport - Pose de DMI - Information patient Les modalités d'évaluation sont de 2 types : entretien ou observation Selon les critères, il existe plusieurs réponses possibles : "oui", "oui partiellement", "en cours", "non" et/ou "non applicable". Les auditeurs devront préciser l'état d'avancement des critères "en cours" dans la colonne "commentaires auditeurs"
... A93: Remerciements aux établissements contributeurs
A94: CH de Versailles CH Rives de Seine Hôpital d'Instruction des Armées Clermont Tonnerre | B94: CH Fougères Centre Hospitalier Public du Cotentin Hôpital Privé Saint Martin Caen
A95: Boîte à outils
A96: ANAP | B96: Diagnostiquer les risques liés à la prise en charge des Dispositifs Médicaux Stériles et Dispositifs Médicaux Implantables : Inter Diag DMS-DMI 2021
A97: Haute Autorité de Santé | B97: Infographies - Méthode audit système / Manuel de certification v.2024
A98: OMéDIT Normandie et Pays de la Loire | B98: Audit traçabilité des DMI
A99: Centre Hospitalier de Fougères | B99: Audit DMI Fougères
A100: Contacts
A101: Pour toutes informations ou remarques sur l'outil, nous vous invitons à contacter l'OMéDIT de votre région : - Bretagne : omedit.bretagne@ch-cornouaille.fr - Centre Val de Loire : omedit-centre@omedit-centre.fr - Ile de France : omedit.idf@aphp.fr - Normandie : ars-normandie-omedit@ars.sante.fr - Pays de la Loire : omedit.pdl@chu-nantes.fr
A102: Version Juillet 2024

Sheet Informations générales
B1: Grille d'audit croisé Evaluation de la mise en oeuvre du management de la qualité du circuit des DMI
B4: Informations générales
B6: Nom de l'Etablissement de santé :
B8: Nom du service ou plateau technique audité
B10: Nom et fonction du responsable du système de management de la qualité des DMI :
B12: Nom et fonction du correspondant local de matériovigilance :
B14: Date de l'audit : (xx/xx/20xx)
B16: Nom et fonction des auditeurs :
B19: Définition du périmètre : choix de 2 secteurs d'activité
C20: Secteur d'activité | D20: Nombre de lignes de délivrance de DMI par an | E20: Nombre de poses de DMI par an | F20: Argumentaire
B21: Activité 1 | F21: Secteur avec le plus grand volume de DMI posés au sein de la structure
B22: Activité 2
B25: Remarques :

Sheet Documents disponibles
A1: Référentiels | B1: Liste des documents à investiguer | C1: Réponse | D1: Commentaires éventuels de l'établissement audité
A2: Art.5 et 7 - arrêté du 8 septembre 2021 La direction établit la politique de la qualité, en fixe les objectifs et le calendrier, et assure le suivi de sa mise en œuvre. Pour les établissements de santé, la politique de la qualité est établie conjointement avec le président de la commission médicale d'établissement (CME) ou de la conférence médicale d'établissement (CfME). Vérifier le statut et la forme du document, son élaboration concertée avec la direction et le président de la commission médicale d'établissement ou de la conférence médicale d'établissement, le mode et la fréquence de révision, le contenu, l'identification des besoins, l'organisation du pilotage, la prise en compte des engagements qui font suite à la procédure de certification prévue à l'article L.6111-3 du CSP, les résultats des contrôles et inspection et le bilan des actions d'amélioration mises en œuvre à la suite de l'analyse des événements indésirables, erreurs, dysfonctionnements ou défauts de traçabilité en lien avec le circuit des DMI. | B2: Politique qualité de l'établissement / Manuel qualité et sécurité du circuit des dispositifs médicaux implantables (DMI)
A3: Art.4 et 7 - arrêté du 8 septembre 2021 Cette procédure, conforme à la réglementation, décrit l’organisation propre à l'établissement pour l’ensemble du circuit : commande, circuit du bon de commande, dispensation par le pharmacien, stockage dans des locaux sécurisés, utilisation et traçabilité sanitaire, surveillance et information du patient Le circuit des dispositifs médicaux implantables mentionnés au paragraphe 5 de l'article 2 du règlement (UE) 2017/745 susvisé est un processus combinant des étapes pluridisciplinaires et interdépendantes mentionnées à l'article 15 visant à un objectif commun : l'utilisation sécurisée, appropriée et tracée du dispositif médical implantable chez le patient pris en charge par un établissement de santé ou une installation de chirurgie esthétique régie par les articles L. 6322-1 et suivants du code de la santé publique. | B3: Description du processus constituant le circuit des dispositifs médicaux implantables (DMI) et leur interaction sous forme de procédure ou schéma opérationnel
A4: Art.8 - arrêté du 8 septembre 2021 La direction formalise les responsabilités, les autorités et les délégations de responsabilités du personnel à toutes les étapes du circuit des dispositifs médicaux implantables dans le respect de la réglementation et des compétences en vigueur. Elle les communique à tout le personnel impliqué directement ou indirectement dans le circuit des dispositifs médicaux implantables. La direction s’assure que les rôles, responsabilités et autorités des acteurs du SMQCDM sont communiquées et comprises au sein de l’établissement de santé. | B4: Organigramme
A5: art.10 - arrêté du 8 septembre 2021 La direction veille à l’élaboration de procédures et, le cas échéant, de modes opératoires intégrant les différentes responsabilités notamment médicales, pharmaceutiques, odontologi_x0002_ques, maïeutiques et infirmières permettant de s’assurer de la qualité et de la sécurité à chaque étape du circuit des dispositifs médicaux implantables | B5: Procédures et Modes opératoires intégrant les différentes responsabilités notamment médicales, pharmaceutiques, odontologiques, maïeutiques et infirmières permettant de s’assurer de la qualité et de la sécurité à chaque étape du circuit des dispositifs médicaux implantables
A6: art.7 et art.10 - arrêté du 8 septembre 2021 Cette étude porte a minima sur : * Les risques pouvant aboutir à un évènement indésirable, à une erreur ou à un dysfonctionnement à chaque étape du circuit des dispositifs médicaux implantables ; * Les risques pouvant aboutir à un défaut de traçabilité à chaque étape du circuit des dispositifs médicaux implantables Une attention particulière est portée sur : – les risques majeurs liés à l’absence d’informatisation des processus ou à l’absence d’interopérabilité des composants du système d’information de l’établissement de santé pour une ou plusieurs étapes du circuit des dispositifs médicaux implantables ; – les risques d’interruption du processus de traçabilité à la sortie du patient de l’établissement de santé Le circuit des dispositifs médicaux implantables (DMI) est évalué/réévalué régulièrement et/ou lors de modification notable des pratiques (réalisation d’une nouvelle activité nécessitant des dispositifs médicaux implantables, transformation des plateaux techniques, évolution du système d’information de l’établissement, référencement d’une nouvelle gamme de dispositif médical) et/ou lors d’évènements indésirables récurrents liés à l’organisation du circuit. | B6: Étude des risques encourus par le patient liés au circuit des dispositifs médicaux implantables (DMI) et le plan d’actions associé
A7: Art.6 - arrêté du 8 septembre 2021 Le responsable du système de management de la qualité du circuit des DMI (RSMQ-DMI) est désigné par la direction après avis de la CME/CfME Une même personne peut assurer cette fonction au sein de plusieurs établissements de santé dans le cadre d’un groupement hospitalier de territoire ou d’un groupement de coopération sanitaire | B7: Procès-verbal (PV) ou compte-rendu (CR) de la CME/CfME relatif à la désignation du responsable du système de management de la qualité du circuit des DMI (RSMQ-DMI) qui identifie la personne pressentie par la direction (nom, prénom), ses missions et le temps dédié
A8: Le responsable du système de management de la qualité du circuit des DMI (RSMQ-DMI) est informé de ses missions Art.6 - arrêté du 8 septembre 2021 Ce responsable dispose de l’autorité nécessaire pour l’exercice des missions suivantes : 1/ Assurer la coordination des acteurs impliqués dans ce circuit ; 2/ Définir, avec ces acteurs, l’ensemble des procédures organisationnelles relatives à ce circuit ; 3/ S’assurer que les processus nécessaires au système de management de la qualité sont établis, mis en œuvre et évalués ; 4/ Rendre compte du fonctionnement du système de management de la qualité et de tout besoin d’amélioration à la direction et, le cas échéant, à la commission médicale d’établissement ou à la conférence médicale d’établissement Il peut être en charge d’autres missions relatives à la qualité et à la sécurité des soins notamment en tant que correspondant local de matériovigilance mentionné à l’article R. 5212-12 du code de la santé publique ou coordonnateur de la gestion des risques associés aux soins mentionné à l’article R. 6111-4 du code de la santé publique. | B8: Fiche de poste du responsable du système de management de la qualité du circuit des DMI (RSMQ-DMI)
A9: Art.9 - arrêté du 8 septembre 2021 Le plan de formation, défini par la direction est intégré au développement professionnel continu Il comporte des formations spécifiques au circuit des dispositifs médicaux implantables. Un tutorat formalisé est mis en place pour les nouveaux salariés et le personnel intérimaire. A minima, un système documentaire permet de décrire le circuit des dispositifs médicaux implantables au sein de l’ES (ex : livret d’accueil salarié, logigramme, planning des tâches détaillé…). Les supports doivent être adaptés au public cible. Des sensibilisations ciblées sur des écarts identifiés lors d’autoévaluation ou d’évaluation des pratiques ou survenue d'EI peuvent également être réalisées pour accompagner la mise en œuvre des procédures. Elles doivent faire l’objet d’une feuille d’émargement comme toutes les autres actions de formation/sensibilisation afin de pouvoir être prises en compte lors de l’évaluation | B9: Plan de formation pluriannuel de l'établissement visant à assurer la qualité et la sécurité du circuit des dispositifs médicaux implantables et garantir leur traçabilité sanitaire
B10: Feuilles d’émargement des participants aux formations et tableau de suivi
A11: Art.14 - arrêté du 8 septembre 2021 La direction met en place des processus pour promouvoir la déclaration interne des évènements indésirables, erreurs, dysfonctionnements ou défauts de traçabilité liés au circuit des dispositifs médicaux implantables et en faire comprendre l’importance ; Dans la charte de confiance, le directeur s'engage – avec le directeur des soins et le président de CME/CfME pour les établissements de santé – à protéger des sanctions disciplinaires les professionnels qui déclarent sans délai tout événement indésirable porteur de risque et analysent les événements indésirables sous réserve de l'absence de manquement délibéré ou répété aux règles de sécurité | B11: Charte de confiance / d'incitation à signaler / déclarer tout type d'événement indésirable porteur de risque (avec ou sans effet)
A12: Manuel de certification HAS v.2024 - Critère impératif 2.4-04 "Les équipes améliorent leurs pratiques en analysant les événements indésirables associés aux soins qu’elles ont déclarés" Décret n° 2016-1606 du 25 novembre 2016 relatif à la déclaration des événements indésirables graves associés à des soins et aux structures régionales d’appui à la qualité des soins et à la sécurité des patients Instruction n° DGS/PP1/DGOS/PF2/DGCS/2A/2017/58 du 17 février 2017 relative à la mise en œuvre du décret n° 2016-1606 du 25 novembre 2016 relatif à la déclaration des événements indésirables graves associés à des soins et aux structures régionales d’appui à la qualité des soins et à la sécurité des patients. Les modalités de signalement doivent être formalisées et adaptées au niveau de gravité de la situation. Tout événement inhabituel en lien avec le circuit des dispositifs médicaux implantables doit faire l’objet d’un signalement d’évènement indésirable en interne +/- en externe selon le type d'événement et l'impact pour le patient. Lorsque le DMI impliqué dans la survenue de l'événement, une déclaration doit être faite sur le portail de déclaration des évènements indésirables en cochant la case matériovigilance art.7 et 12 - arrêté du 8 septembre 2021 procédures formalisant l’organisation adoptée pour traiter les déclarations internes en vue d’améliorer la qualité et la sécurité du circuit des dispositifs médicaux implantables et garantir leur traçabilité. Ces procédures intègrent les différents niveaux d’intervention et de décision, permettant : – d’analyser les causes des évènements indésirables, erreurs, dysfonctionnements ou défauts de traçabilité liés au circuit des dispositifs médicaux implantables déclarés ; – de mettre en place les actions d’amélioration ; – d’assurer un suivi de la mise en œuvre des actions d’amélioration et d’en évaluer l’efficacité ; – d’interrompre ou d’annuler les pratiques qui ne satisfont pas aux exigences spécifiées ; – de reprendre des soins interrompus ou annulés après s’être assuré que le problème a été éliminé ; – de transmettre les évènements aux autorités sanitaires dans le cadre des dispositifs de déclaration en vigueur art.11 - arrêté du 8 septembre 2021 Cette organisation est mise en place en concertation avec le président de CME/CfME. Elle regroupe le RSMQ-DMI et les professionnels impliqués directement ou indirectement dans le circuit des DMI. Elle permet de - prioriser les déclarations internes à analyser, - procéder par toute méthodologie appropriée à l’analyse collective et interdisciplinaire des causes, au plus près du lieu de survenue de l’évènement, de l’erreur, du dysfonctionnement ou du défaut de traçabilité ; – proposer, le cas échéant, des actions d’amélioration après analyse des déclarations internes ; – procéder à l’accompagnement et au suivi de la réalisation des actions d’amélioration et de l’évaluation de leur efficacité ; – communiquer sur ce retour d’expérience dans le cadre de la politique de gestion des risques de l’établissement de santé ou de l’installation de chirurgie esthétique ; – veiller au respect des transmissions dans le cadre des dispositifs de déclaration en vigueur | B12: Procédures de gestion des événements indésirables, erreurs, dysfonctionnements ou défauts de traçabilité liés au circuit des dispositifs médicaux implantables
A13: art.11 - arrêté du 8 septembre 2021 Elle permet de renseigner en particulier les informations sur - le déclarant, - le ou les dispositifs médicaux implantables concernés - les circonstances de survenue de l’évènement indésirable, de l’erreur, du dysfonctionnement ou du défaut de traçabilité, lié au circuit des dispositifs médicaux implantables. La direction met à disposition de tous les acteurs et à tout moment un système de déclaration dématérialisé | B13: Fiche de déclaration interne des événements indésirables (système de déclaration dématérialisé)
A14: art.13 - Arrêté du 8 septembre 2021 La direction s’assure qu’un échéancier de réalisation des actions d’amélioration est fixé et que les responsabilités associées à leur mise en œuvre et à l’évaluation de leur efficacité sont définies. | B14: Échéancier de réalisation des actions d’amélioration en lien avec la déclaration des évènements indésirables
A15: art.13 - Arrêté du 8 septembre 2021 Le bilan annuel des actions d’amélioration mises en œuvre et l’évaluation de leur efficacité sont présentés à la CME/CfME | B15: Bilan annuel des actions d'amélioration
A16: art.13 - Arrêté du 8 septembre 2021 La direction s’assure de la mise en place d’audits à intervalles réguliers pour déterminer si le système de management de la qualité est conforme aux dispositions établies, mis en œuvre et entretenu de manière efficace. Une procédure documentée est établie pour définir les responsabilités et les exigences pour planifier et mener les audits et rendre compte des résultats. | B16: Procédure documentée définissant les responsabilités et exigences pour planifier et mener les audits du système de management de la qualité
A17: Art.15 - Arrêté du 8 septembre 2021 La liste des dispositifs médicaux implantables référencés dont l’utilisation est préconisée dans l’établissement de santé doit être validée par la CME/CFME Elle précise pour chaque dispositif médical implantable : 1/ L’identifiant unique propre au modèle du dispositif (IUD-ID) défini à l’annexe VI, partie C du règlement (UE) 2017/745 , dès lors que celui-ci est disponible, et l’ensemble des informations suivantes : – le nom ou la dénomination commerciale du dispositif ; – la dénomination, selon la nomenclature de référence en vigueur ; – le nom du fabricant et, le cas échéant, de son mandataire ; – la référence ou le numéro dans le catalogue du fabricant ; – les dimensions cliniques (dont le volume, la longueur, le calibre, le diamètre) ; 2/ Le cas échéant, le nom du distributeur et la référence ou le numéro dans le catalogue du distributeur. | B17: Liste des "Dispositifs Médicaux Implantables référencés"
A18: A-10 ANAP module PUI | B18: Procédure de référencement d'un nouveau DMI
A19: art.15 - Arrêté du 8 septembre 2021 La constitution d’une dotation en dispositifs médicaux implantables peut être nécessaire à l’activité d’un service utilisateur. Cette dotation est définie par les médecins du service utilisateur, le cadre de santé ou son équivalent et le pharmacien, pour répondre aux besoins du service. Sur cette liste qualitative et quantitative, figure l’ IUD ID ainsi que les informations suivantes -Nom ou dénomination commerciale du dispositif ; -Dénomination, selon la nomenclature de référence en vigueur ; -Nom du fabricant ; -Référence ou le numéro dans le catalogue du fabricant ; -Les dimensions cliniques (volume, longueur, calibre, diamètre) -Les quantités maximales. | B19: Liste des DMI en dotation du service audité si dotation effective
A20: art.15 Arrêté du 8 septembre 2021 Les dépôts de dispositifs médicaux implantables sont régis par une convention établie entre le fabricant ou le distributeur, et l’établissement de santé ou l’installation de chirurgie esthétique, en lien avec le pharmacien. * Elle définit les responsabilités et obligations de chaque partie : – celles du fabricant ou du distributeur notamment en termes de mise à disposition des données relatives aux dispositifs médicaux implantables alloués en dépôt nécessaires à l’enregistrement informatique, la mise à jour et l’inventaire du dépôt ; – celles de l’établissement de santé ou de l’installation de chirurgie esthétique notamment concernant les conditions de stockage des dispositifs médicaux implantables alloués en dépôt et les modalités de leur inventaire. * La convention précise également les responsabilités en cas de perte, détérioration ou dépassement de la date d’expiration des dispositifs médicaux implantables. | B20: Conventions de dépôts de DMI du service audité si dépôt(s) effectif(s)
A21: art.15 - arrêté du 8 septembre 2021 Le cadre de santé du service utilisateur ou son équivalent définit, en accord avec le pharmacien : les procédures pour les demandes, la réception, et les conditions de stockage, permettant de sécuriser l’accès et l’utilisation des dispositifs médicaux implantables détenus. | B21: Une procédure documentée (ou instruction) pour les demandes de dispositifs médicaux implantables permettant de sécuriser l’accès et l’utilisation des DMI détenus au sein du service utilisateur
A22: art.15 - arrêté du 8 septembre 2021 Le cadre de santé du service utilisateur ou son équivalent définit, en accord avec le pharmacien : les procédures pour les demandes, la réception, et les conditions de stockage, permettant de sécuriser l’accès et l’utilisation des dispositifs médicaux implantables détenus. | B22: Une procédure documentée (ou instruction) pour la réception de dispositifs médicaux implantables permettant de sécuriser l’accès et l’utilisation des DMI détenus au sein du service utilisateur
... A26: art.15 - arrêté du 8 septembre 2021 Les données de traçabilité doivent être conservées, accessibles et exploitables informatiquement pendant toute la durée prévue à l’article R. 5212-37 du code de la santé publique article R. 5212-37 du code de la santé publique Le représentant légal des établissements de santé, des groupements de coopération sanitaire mentionnés à l'article L. 6133-7 et des établissements de chirurgie esthétique fixe, après avis de la commission médicale d'établissement mentionnée à l'article L. 6144-2 ou de la conférence médicale d'établissement mentionnée à l'article L. 6111-2, la procédure écrite selon laquelle les données nécessaires à l'exercice de la traçabilité sont recueillies, conservées et rendues accessibles. Ces données sont conservées pendant une durée de dix ans. Cette durée est portée à quarante ans pour les dispositifs médicaux incorporant une substance qui, si elle est utilisée séparément, est susceptible d'être considérée comme un médicament dérivé du sang. | B26: Procédure écrite selon laquelle les données nécessaires à l'exercice de la traçabilité sont recueillies, conservées et rendues accessibles.

Sheet Enregistrement des données
A1: Référentiels | B1: Thème | C1: Élément enregistré | D1: Réponse | F1: Commentaires éventuels de l'établissement audité
D2: Activité 1 (la + volumineuse) | E2: Activité 2 (laissée au libre choix de l'établissement audité) | H2: pts Act 1 | I2: pts Act 2
A3: Art.15 - arrêté du 8 septembre 2021 | B3: DEMANDE | C3: L’identifiant unique propre au modèle du dispositif (IUD-ID) si disponible | G3: DEMANDE | H3: =IF(D3<>"",VLOOKUP(D3,Tableau1[],2,0),"") | I3: =IF(E3<>"",VLOOKUP(E3,Tableau1[],2,0),"")
A4: Art.15 - arrêté du 8 septembre 2021 | B4: DEMANDE | C4: Nom ou dénomination commerciale du dispositif selon la nomenclature de référence en vigueur | G4: DEMANDE | H4: =IF(D4<>"",VLOOKUP(D4,Tableau1[],2,0),"") | I4: =IF(E4<>"",VLOOKUP(E4,Tableau1[],2,0),"")
A5: Art.15 - arrêté du 8 septembre 2021 | B5: DEMANDE | C5: Nom du fabricant et, le cas échéant, de son mandataire | G5: DEMANDE | H5: =IF(D5<>"",VLOOKUP(D5,Tableau1[],2,0),"") | I5: =IF(E5<>"",VLOOKUP(E5,Tableau1[],2,0),"")
A6: Art.15 - arrêté du 8 septembre 2021 | B6: DEMANDE | C6: Référence ou numéro dans le catalogue du fabricant | G6: DEMANDE | H6: =IF(D6<>"",VLOOKUP(D6,Tableau1[],2,0),"") | I6: =IF(E6<>"",VLOOKUP(E6,Tableau1[],2,0),"")
A7: Art.15 - arrêté du 8 septembre 2021 | B7: DEMANDE | C7: Dimensions cliniques (dont le volume, la longueur, le calibre, le diamètre) prévues | G7: DEMANDE | H7: =IF(D7<>"",VLOOKUP(D7,Tableau1[],2,0),"") | I7: =IF(E7<>"",VLOOKUP(E7,Tableau1[],2,0),"")
A8: Art.15 - arrêté du 8 septembre 2021 | B8: DEMANDE | C8: Le cas échéant, le nom du distributeur et la référence ou le numéro dans le catalogue du distributeur | G8: DEMANDE | H8: =IF(D8<>"",VLOOKUP(D8,Tableau1[],2,0),"") | I8: =IF(E8<>"",VLOOKUP(E8,Tableau1[],2,0),"")
A9: Art.15 - arrêté du 8 septembre 2021 | B9: DEMANDE | C9: Quantité nécessaire | G9: DEMANDE | H9: =IF(D9<>"",VLOOKUP(D9,Tableau1[],2,0),"") | I9: =IF(E9<>"",VLOOKUP(E9,Tableau1[],2,0),"")
A10: Art.15 - arrêté du 8 septembre 2021 | B10: DEMANDE | C10: Date de la commande | G10: DEMANDE | H10: =IF(D10<>"",VLOOKUP(D10,Tableau1[],2,0),"") | I10: =IF(E10<>"",VLOOKUP(E10,Tableau1[],2,0),"")
A11: Art.15 - arrêté du 8 septembre 2021 | B11: DEMANDE | C11: Si demande exceptionnelle (= hors liste des DMI référencés au sein de l'établissement) ou hors dotation du service, la date prévue de l’utilisation | G11: DEMANDE | H11: =IF(D11<>"",VLOOKUP(D11,Tableau1[],2,0),"") | I11: =IF(E11<>"",VLOOKUP(E11,Tableau1[],2,0),"")
A12: Art.15 - arrêté du 8 septembre 2021 | B12: DEMANDE | C12: Si demande exceptionnelle (= hors liste des DMI référencés au sein de l'établissement) ou hors dotation du service, les données relatives à l’identification du service utilisateur | G12: DEMANDE | H12: =IF(D12<>"",VLOOKUP(D12,Tableau1[],2,0),"") | I12: =IF(E12<>"",VLOOKUP(E12,Tableau1[],2,0),"")
A13: Art.15 - arrêté du 8 septembre 2021 | B13: DEMANDE | C13: Si demande exceptionnelle (= hors liste des DMI référencés au sein de l'établissement) ou hors dotation du service, les données relatives à l'identité du demandeur, et notamment ses nom, prénom, profession et son identifiant au « Répertoire partagé des professionnels intervenant dans le système de santé » (RPPS) | G13: DEMANDE | H13: =IF(D13<>"",VLOOKUP(D13,Tableau1[],2,0),"") | I13: =IF(E13<>"",VLOOKUP(E13,Tableau1[],2,0),"")
A14: Art.15 - arrêté du 8 septembre 2021 | B14: DEMANDE | C14: Si demande exceptionnelle (= hors liste des DMI référencés au sein de l'établissement) ou hors dotation du service, les données relatives à l'identification du service utilisateur | G14: DEMANDE | H14: =IF(D14<>"",VLOOKUP(D14,Tableau1[],2,0),"") | I14: =IF(E14<>"",VLOOKUP(E14,Tableau1[],2,0),"")
... A48: Article 18 règlement (EU) 2017/740 Art.15 - arrêté du 8 septembre 2021 | B48: INFORMATION PATIENT | C48: Toute autre information destinée à garantir l'utilisation sûre du dispositif par le patient, notamment les informations figurant dans la notice d'utilisation (ex : les informations quantitatives et qualitatives générales sur les matériaux et substances auxquels les patients sont susceptibles d'être exposés) | G48: INFORMATION PATIENT | H48: =IF(D48<>"",VLOOKUP(D48,Tableau1[],2,0),"") | I48: =IF(E48<>"",VLOOKUP(E48,Tableau1[],2,0),"")

Sheet Encadrement-instances
A1: Référentiels | B1: Thème | C1: Mode d'évaluation | D1: Référence | E1: Libellé du critère | F1: Réponse | G1: Cotation | H1: Commentaires auditeurs | I1: Précisions et attendus | J1: Commentaires éventuels de l'établissement audité
A2: Art.5 et 7 - arrêté du 8 septembre 2021 | B2: GOUVERNANCE | C2: Entretien | D2: A1 | E2: La direction a-t-elle établi une politique qualité et sécurité spécifique du circuit des DMI conjointement avec le président de la commission médicale d’établissement ou de la conférence médicale d’établissement? | G2: =IF(F2="Oui",1,IF(F2="Non",0,IF(F2="En cours",0.5,IF(F2="Non applicable",0,"")))) | I2: Document disponible : Politique qualité La direction établit la politique de la qualité, en fixe les objectifs et le calendrier, et assure le suivi de sa mise en œuvre. Pour les établissements de santé, la politique de la qualité est établie conjointement avec le président de la commission médicale d'établissement (CME) ou de la conférence médicale d'établissement (CfME).
A3: Art.5 - arrêté du 8 septembre 2021 | B3: GOUVERNANCE | C3: Entretien | D3: A2 | E3: Les actions d’amélioration de la qualité et de la gestion des risques en lien avec le circuit des DMI sont-elles intégrées au programme d'actions d'amélioration continue de la qualité, de la pertinence et de la sécurité des soins, planifiées et assorties d'indicateurs de suivi? | G3: =IF(F3="Oui",1,IF(F3="Non",0,IF(F3="En cours",0.5,IF(F3="Non applicable",0,"")))) | I3: Les objectifs de la qualité et de la sécurisation du circuit des dispositifs médicaux implantables sont assortis d'indicateurs de suivi. Au sein d'un établissement de santé, ces objectifs sont définis dans le programme d'actions mentionné aux articles L. 6144-1 et L. 6161-2-2 du code de la santé publique.
A4: Art.6 et 13 - arrêté du 8 septembre 2021 | B4: GOUVERNANCE | C4: Entretien | D4: A3 | E4: Un bilan annuel des actions d'amélioration mises en œuvre et l'évaluation de leur efficacité est-il présenté à la commission médicale d'établissement ou à la conférence médicale d'établissement? | G4: =IF(F4="Oui",1,IF(F4="Non",0,IF(F4="En cours",0.5,IF(F4="Non applicable",0,"")))) | I4: Pour les établissements de santé, le bilan annuel des actions d'amélioration mises en œuvre et l'évaluation de leur efficacité sont présentés à la commission médicale d'établissement ou à la conférence médicale d'établissement. Ce bilan est pris en compte pour l'élaboration du programme d'actions mentionné aux articles L. 6144-1 et L. 6161-2-2 du code de santé publique. Le RSMQ-DMI rend compte du fonctionnement du système de management de la qualité et de tout besoin d'amélioration à la direction et, le cas échéant, à la commission médicale d'établissement ou à la conférence médicale d'établissement annuellement. Documents disponibles : Echéancier de réalisation des actions d’amélioration en lien avec la déclaration des évènements indésirables Bilan annuel des actions d'amélioration
A5: article R. 5212-12 du code de la santé publique | B5: GOUVERNANCE | C5: Entretien | D5: A4 | E5: La direction a-t-elle désigné un correspondant local de matériovigilance après avis du président de la commission médicale d'établissement ou de la conférence médicale d'établissement? | G5: =IF(F5="Oui",1,IF(F5="Non",0,IF(F5="En cours",0.5,IF(F5="Non applicable",0,"")))) | I5: Tout établissement de santé ou groupement de coopération sanitaire qui utilise ou délivre des dispositifs médicaux ou met de tels dispositifs à la disposition de ses membres désigne un correspondant local de matériovigilance
A6: Art.6 - arrêté du 8 septembre 2021 | B6: GOUVERNANCE | C6: Entretien | D6: A5 | E6: La direction a-t-elle désigné un responsable du système de management de la qualité du circuit des DMI (RSMQ-DMI) après avis du président de la commission médicale d'établissement ou de la conférence médicale d'établissement? | G6: =IF(F6="Oui",1,IF(F6="Non",0,IF(F6="En cours",0.5,IF(F6="Non applicable",0,"")))) | I6: Document disponible : PV ou CR de la CME/CfME relatif à la désignation du responsable du système de management de la qualité du circuit des DMI (RSMQ-DMI)
A7: Art.6, 8 et 10 - arrêté du 8 septembre 2021 | B7: GOUVERNANCE | C7: Entretien | D7: A6 | E7: La direction a-t-elle définie, formalisée et communiquée les responsabilités, les autorités, les rôles et les délégations de responsabilités à toutes les étapes du circuit des DMI ? | G7: =IF(F7="Oui",1,IF(F7="Non",0,IF(F7="En cours",0.5,IF(F7="Non applicable",0,"")))) | I7: Documents disponibles : Description du processus constituant le circuit des dispositifs médicaux implantables (DMI) et leur interaction sous forme de procédure ou schéma opérationnel Organigramme Procédures et Modes opératoires intégrant les différentes responsabilités Fiche de poste du RSMQ-DMI
A8: Art.15 - arrêté du 8 septembre 2021 | B8: GOUVERNANCE | C8: Entretien | D8: A7 | E8: En cas de dépôt de DMI constitué(s) au sein des services utilisateurs, une convention définit-elle systématiquement les responsabilités et obligations de chaque partie établie entre fabricant et établissement, en lien avec le pharmacien? | G8: =IF(F8="Oui",1,IF(F8="Non",0,IF(F8="En cours",0.5,IF(F8="Non applicable",0,""))))
A9: Art.15 - arrêté du 8 septembre 2021 | B9: GOUVERNANCE | C9: Entretien | D9: A8 | E9: Une copie des conventions (établies entre le fabricant ou le distributeur et l’établissement de santé en lien avec le pharmacien) pour le(s) dépôt(s) des DMI constitué au sein des services utilisateurs est-elle systématiquement remise au pharmacien ? | G9: =IF(F9="Oui",1,IF(F9="Non",0,IF(F9="En cours",0.5,IF(F9="Non applicable",0,""))))
A10: Art.15 - arrêté du 8 septembre 2021 | B10: GOUVERNANCE | C10: Entretien | D10: A9 | E10: La direction a-t-elle notamment défini la responsabilité des acteurs de la PUI et du service utilisateur concernant les modalités d’enregistrement des DMI gérés en dépôts? | G10: =IF(F10="Oui",1,IF(F10="Non",0,IF(F10="En cours",0.5,IF(F10="Non applicable",0,"")))) | I10: Document formalisant les modalités d’enregistrement des DMI gérés en dépôts et les responsabilités respectives de la PUI et du service utilisateur. Une copie de ce document est transmise au responsable du système de management de la qualité du circuit des dispositifs médicaux implantables.
A11: Art.15 - arrêté du 8 septembre 2021 | B11: QUALITE ET GESTION DES RISQUES | C11: Entretien | D11: A10 | E11: La commission médicale d'établissement ou la conférence médicale d'établissement a-t-elle élaboré la liste des dispositifs médicaux implantables dont l'utilisation est préconisée dans l'établissement de santé? | G11: =IF(F11="Oui",1,IF(F11="Non",0,IF(F11="En cours",0.5,IF(F11="Non applicable",0,"")))) | I11: La liste des dispositifs médicaux implantables référencés dont l’utilisation est préconisée dans l’établissement de santé doit être validée par la CME/CFME Elle précise pour chaque dispositif médical implantable : 1/ L’identifiant unique propre au modèle du dispositif (IUD-ID) défini à l’annexe VI, partie C du règlement (UE) 2017/745 , dès lors que celui-ci est disponible, et l’ensemble des informations suivantes : – le nom ou la dénomination commerciale du dispositif ; – la dénomination, selon la nomenclature de référence en vigueur ; – le nom du fabricant et, le cas échéant, de son mandataire ; – la référence ou le numéro dans le catalogue du fabricant ; – les dimensions cliniques (dont le volume, la longueur, le calibre, le diamètre) ; 2/ Le cas échéant, le nom du distributeur et la référence ou le numéro dans le catalogue du distributeur.
A12: Art.4 et 5 - arrêté du 8 septembre 2021 | B12: SYSTÈME D'INFORMATION | C12: Entretien | D12: A11 | E12: La direction a-t-elle mis à disposition des professionnels les logiciels et outils nécessaires à la traçabilité des DMI entrants au sein de l'établissement : les DMI achetés ; les DMI alloués en dépôt permanents/temporaires par les fabricants ou distributeurs ; les échantillons de DMI remis gratuitement ? | G12: =IF(F12="Oui",1,IF(F12="Non",0,IF(F12="En cours",0.5,IF(F12="Non applicable",0,"")))) | I12: La direction assure la disponibilité des moyens nécessaires aux missions et au système de management par la qualité à chacune des étapes du circuit des dispositifs médicaux implantables. L’informatisation de ces processus et l’interopérabilité des composants du système d’information de l’établissement de santé ou de l’installation de chirurgie esthétique sont des conditions nécessaires à la sécurisation du circuit des dispositifs médicaux implantables et facilitent la traçabilité.
A13: Art.15 - arrêté du 8 septembre 2021 | B13: SYSTÈME D'INFORMATION | C13: Entretien | D13: A12 | E13: L’interopérabilité des logiciels métiers du système d’information garantit-elle les échanges, en temps réel, des données enregistrées relatives au DMI entre la PUI et le service utilisateur ? (traçabilité sanitaire) | G13: =IF(F13="Oui",1,IF(F13="Non",0,IF(F13="En cours",0.5,IF(F13="Non applicable",0,"")))) | I13: Les échanges de données, notamment entre la pharmacie à usage intérieur et le service utilisateur, doivent respecter le cadre d’interopérabilité des systèmes d’information de santé.
A14: Art.15 - arrêté du 8 septembre 2021 | B14: SYSTÈME D'INFORMATION | C14: Entretien | D14: A13 | E14: L’interopérabilité des logiciels métiers du système d’information permet-elle de verser les données enregistrées relatives au DMI dans le dossier patient informatisé (DPI) lors de la pose ou de la dépose d'un DMI par le service utilisateur? | G14: =IF(F14="Oui",1,IF(F14="Non",0,IF(F14="En cours",0.5,IF(F14="Non applicable",0,"")))) | I14: Les données enregistrées relatives au dispositif médical implantable et à son utilisation sont versées dans le dossier patient informatisé dans le respect du cadre d’interopérabilité des systèmes d’information de santé La direction veille à ce que toutes mesures soient prises pour assurer l'information des patients, notamment en ce qui concerne l'utilisation d'un dispositif médical implantable.
A15: Art.15 - arrêté du 8 septembre 2021 | B15: SYSTÈME D'INFORMATION | C15: Entretien | D15: A14 | E15: L’interopérabilité des logiciels métiers du système d’information permet-elle de verser les données enregistrées relatives au DMI dans le dossier médical partagé (DMP), lors de la pose ou de la dépose d'un DMI par le service utilisateur? | G15: =IF(F15="Oui",1,IF(F15="Non",0,IF(F15="En cours",0.5,IF(F15="Non applicable",0,"")))) | I15: Les données contenues dans les documents mentionnés à l’article R. 5212-42 du code de la santé publique sont versées, via le système d’information de l’établissement de santé ou l’installation de chirurgie esthétique, et dans le respect du cadre d’interopérabilité des systèmes d’informations de santé, dans le dossier médical partagé, selon les dispositions règlementaires en vigueur. La direction veille à ce que toutes mesures soient prises pour assurer l'information des patients, notamment en ce qui concerne l'utilisation d'un dispositif médical implantable.
A16: Art.15 - arrêté du 8 septembre 2021 | B16: SYSTÈME D'INFORMATION | C16: Entretien | D16: A15 | E16: L’interopérabilité des logiciels métiers du système d’information permet-elle de verser les données enregistrées relatives au DMI dans la lettre de liaison, lors de la pose ou de la dépose d'un DMI par le service utilisateur? | G16: =IF(F16="Oui",1,IF(F16="Non",0,IF(F16="En cours",0.5,IF(F16="Non applicable",0,"")))) | I16: Les données contenues dans les documents mentionnés à l’article R. 5212-42 du code de la santé publique sont versées, via le système d’information de l’établissement de santé ou l’installation de chirurgie esthétique, et dans le respect du cadre d’interopérabilité des systèmes d’informations de santé, dans la lettre de liaison mentionnée à l’article R. 1112-1-2 du code de la santé publique La direction veille à ce que toutes mesures soient prises pour assurer l'information des patients, notamment en ce qui concerne l'utilisation d'un dispositif médical implantable.
A17: Art.9 - arrêté du 8 septembre 2021 | B17: GOUVERNANCE | C17: Entretien | D17: A16 | E17: Un plan de formation pluriannuel des acteurs impliqués dans le circuit des DMI est-il mis en place dans l'établissement afin d'assurer la qualité et la sécurité du circuit des dispositifs médicaux implantables et de garantir leur traçabilité.? | G17: =IF(F17="Oui",1,IF(F17="Non",0,IF(F17="En cours",0.5,IF(F17="Non applicable",0,"")))) | I17: Documents disponibles : Plan de formation pluriannuel Feuilles d'émargement Tableau de suivi
A18: Art.11 et 14 - arrêté du 8 septembre 2021 | B18: GOUVERNANCE | C18: Entretien | D18: A17 | E18: Une sensibilisation des acteurs impliqués dans le circuit des DMI est-elle mise en place dans l'établissement pour inciter à la déclaration des erreurs, dysfonctionnements ou défauts de traçabilité liés au circuit des dispositifs médicaux implantables ? | G18: =IF(F18="Oui",1,IF(F18="Non",0,IF(F18="En cours",0.5,IF(F18="Non applicable",0,"")))) | I18: Documents disponibles : Charte (de confiance / d'incitation) à (signaler / déclarer) tout type d'événement indésirable porteur de risque (avec ou sans effet) Fiche de déclaration interne des événements indésirables (système de déclaration dématérialisé)
A19: Art.11, 12 et 14 - arrêté du 8 septembre 2021 | B19: QUALITE ET GESTION DES RISQUES | C19: Entretien | D19: A18 | E19: La direction a-t-elle mis en place un comité de retour d'expérience pour traiter les déclarations internes d'évènements indésirables, erreurs, dysfonctionnements ou défauts de traçabilité liés au circuit des dispositifs médicaux implantables avec les acteurs concernés? | G19: =IF(F19="Oui",1,IF(F19="Non",0,IF(F19="En cours",0.5,IF(F19="Non applicable",0,"")))) | I19: Documents disponibles : Procédures de gestion des événements indésirables, erreurs, dysfonctionnements ou défauts de traçabilité liés au circuit des dispositifs médicaux implantables
A20: Art.7 et 12 - arrêté du 8 septembre 2021 | B20: QUALITE ET GESTION DES RISQUES | C20: Entretien | D20: A19 | E20: Le système documentaire (de préférence dématérialisé) relatif au SMQ des DMI est-il fonctionnel (accessible à tout moment, revu et évalué selon des critères de périodicité définis) ? | G20: =IF(F20="Oui",1,IF(F20="Non",0,IF(F20="En cours",0.5,IF(F20="Non applicable",0,"")))) | I20: Documents disponibles : Politique qualité, Description des processus du circuit des DMI, Procédures et modes opératoires, étude des risques, informations documentées relatives à la planification des actions d'amélioration Système documentaire relatif au SMQ des DMI : diffusé et accessible à tout moment, revu et évalué avec une périodicité définie, appliqué à chaque étape du circuit des DMI
A21: Art.14 - arrêté du 8 septembre 2021 | B21: QUALITE ET GESTION DES RISQUES | C21: Entretien | D21: A20 | E21: Une organisation permet-elle d'informer les professionnels de tout ajout, modification ou suppression d'un document dans le système documentaire relatif au SMQ des DMI ? | G21: =IF(F21="Oui",1,IF(F21="Non",0,IF(F21="En cours",0.5,IF(F21="Non applicable",0,"")))) | I21: Plan de communication
... A25: Article 18 règlement (EU) 2017/740 Article R5212-42 Art.15 - arrêté du 8 septembre 2021 Critère 2.2-20 | B25: INFORMATION PATIENT | C25: Entretien | D25: A24 | E25: La remise d'un document au patient (reprenant les informations relatives à l'implantation d'un DMI) lors de sa sortie est-elle formalisée ? | G25: =IF(F25="Oui",1,IF(F25="Non",0,IF(F25="En cours",0.5,IF(F25="Non applicable",0,"")))) | I25: A l’issue des soins, l’établissement de santé ou l’installation de chirurgie esthétique transmet au patient le document mentionné à l’article R. 5212-42 du code de la santé publique. Pour les dispositifs médicaux implantables certifiés conformément au règlement (EU) 2017/745 susvisé, l’établissement de santé ou l’installation de chirurgie esthétique met à la disposition du patient chez lequel un dispositif a été implanté : *Les informations jointes au dispositif médical implantable par le fabricant, mentionnées au 1 de l’article 18 du règlement précité, par tout moyen permettant un accès rapide auxdites informations ; *La carte d’implant mentionnée à l’article 18 du règlement précité.
A26: Art.15 - arrêté du 8 septembre 2021 Article R1112-2 | B26: INFORMATION PATIENT | C26: Observation | D26: A25 | E26: Les informations transmises au patient sont-elles tracées dans le dossier patient informatisé ? | G26: =IF(F26="Oui",1,IF(F26="Non",0,IF(F26="En cours",0.5,IF(F26="Non applicable",0,""))))
A27: Art.15 - arrêté du 8 septembre 2021 Décret n° 2016-995 du 20 juillet 2016 relatif aux lettres de liaison Article R1112-1-2 Critère 2.2-20 | B27: INFORMATION PATIENT | C27: Observation | D27: A26 | E27: Les informations transmises au patient sont-elles traçées dans la lettre de liaison de sortie ? | G27: =IF(F27="Oui",1,IF(F27="Non",0,IF(F27="En cours",0.5,IF(F27="Non applicable",0,"")))) | I27: La lettre de liaison contient notamment une synthèse médicale du séjour précisant les informations permettant l'identification du dispositif médical implantable et les éléments relatifs à son utilisation.
A28: Art.15 - arrêté du 8 septembre 2021 Article L1111-14 Article L1111-23 | B28: INFORMATION PATIENT | C28: Entretien | D28: A27 | E28: Les informations transmises au patient sont-elles versées le dossier médical partagé ? | G28: =IF(F28="Oui",1,IF(F28="Non",0,IF(F28="En cours",0.5,IF(F28="Non applicable",0,""))))

Sheet PUI
A1: Référentiels | B1: Thème | C1: Mode d'évaluation | D1: Référence | E1: Libellé du critère | F1: Réponse | G1: Cotation | H1: Commentaires auditeurs | I1: Précisions et attendus | J1: Commentaires éventuels de l'établissement audité
A2: Art.11 et 12 - arrêté du 8 septembre 2021 Critère 2.4-04 et 3.7-04 O-06 module ANAP PUI | B2: QUALITE ET GESTION DES RISQUES | C2: Entretien | D2: B1 | E2: Les professionnels de la PUI sont-ils associés à l'analyse des fiches de signalement d'évènements indésirables en lien avec le circuit des DMI et la traçabilité sanitaire ? | G2: =IF(F2="Oui",1,IF(F2="Non",0,IF(F2="Oui partiellement",0.5,IF(F2="Non applicable",0,"")))) | I2: Les équipes améliorent leurs pratiques en analysant les événements indésirables associés aux soins qu’elles ont déclarés L’établissement analyse, exploite et communique la survenue d’événements indésirables liées aux soins
A3: Art.15 - arrêté du 8 septembre 2021 | B3: QUALITE ET GESTION DES RISQUES | C3: Entretien | D3: B2 | E3: Avez-vous un exemplaire de la dotation des DMI mise en place dans le service utilisateur qui va être audité ? | G3: =IF(F3="Oui",1,IF(F3="Non",0,IF(F3="Oui partiellement",0.5,IF(F3="Non applicable",0,"")))) | I3: Ne pas confondre dotation et dépôt La demande de mise en dotation est réalisée par le service utilisateur sur la base de la liste des dispositifs médicaux implantables référencés La liste qualitative et quantitative des dispositifs médicaux implantables mis en dotation est établie pour chaque service utilisateur. La dotation est datée et conjointement signée par le responsable médical du service utilisateur ou, s'il n'est pas désigné, par un médecin du service utilisateur, le cadre de santé du service utilisateur ou son équivalent, et par le pharmacien. La composition de la dotation est évaluée, au minimum une fois par an, au regard de la consommation réelle en dispositifs médicaux implantables et, le cas échéant, révisée. Un exemplaire de cette dotation est transmis à la pharmacie à usage intérieur, de préférence par voie dématérialisée.
A4: Art.15 - arrêté du 8 septembre 2021 | B4: QUALITE ET GESTION DES RISQUES | C4: Entretien | D4: B3 | E4: Un pharmacien a-t-il révisé et validé la dotation des DMI constituée au sein du service utilisateur audité ? | G4: =IF(F4="Oui",1,IF(F4="Non",0,IF(F4="Oui partiellement",0.5,IF(F4="Non applicable",0,"")))) | I4: Cette dotation est définie par les médecins du service utilisateur, le cadre de santé ou son équivalent et le pharmacien, pour répondre aux besoins du service utilisateur sur la base de la liste des DMI référencés. L’analyse de la demande de mise en dotation est réalisée par le pharmacien et prend notamment en compte : – les besoins thérapeutiques auxquels répond le service utilisateur ; – les protocoles de soins et les référentiels de bon usage en vigueur ; – la capacité et les conditions de stockage du service utilisateur. Liste signée par le pharmacien
A5: Art.15 - arrêté du 8 septembre 2021 H-03 ANAP module PUI | B5: SYSTÈME D'INFORMATION | C5: Entretien | D5: B4 | E5: Le process de commande auprès des fabricants et/ou fournisseurs est informatisé pour tous les DMI quel que soit leur mode de gestion ? | G5: =IF(F5="Oui",1,IF(F5="Non",0,IF(F5="Oui partiellement",0.5,IF(F5="Non applicable",0,"")))) | I5: Les demandes des services utilisateurs permettent à la pharmacie à usage intérieur d’élaborer une commande informatisée auprès d’un fabricant ou d’un distributeur. Il peut s’agir d’une commande en achat ou d’une commande de dispositifs médicaux implantables alloués en dépôt. Une analyse des demandes de dispositifs médicaux implantables par la pharmacie à usage intérieur vise à assurer la conformité de ces demandes au regard des dotations définies, des exigences réglementaires et, le cas échéant, des règles internes à l’établissement de santé
A6: Art.15 - arrêté du 8 septembre 2021 H-03 ANAP module PUI | B6: SYSTÈME D'INFORMATION | C6: Entretien | D6: B5 | E6: Il existe une interopérabilité/interface entre le logiciel marché et le logiciel de la PUI ? | G6: =IF(F6="Oui",1,IF(F6="Non",0,IF(F6="Oui partiellement",0.5,IF(F6="Non applicable",0,"")))) | I6: Les demandes des services utilisateurs permettent à la pharmacie à usage intérieur d’élaborer une commande informatisée auprès d’un fabricant ou d’un distributeur. Il peut s’agir d’une commande en achat ou d’une commande de dispositifs médicaux implantables alloués en dépôt. Une analyse des demandes de dispositifs médicaux implantables par la pharmacie à usage intérieur vise à assurer la conformité de ces demandes au regard des dotations définies, des exigences réglementaires et, le cas échéant, des règles internes à l’établissement de santé
A7: Art.15 - arrêté du 8 septembre 2021 H-03 ANAP module PUI | B7: SYSTÈME D'INFORMATION | C7: Entretien | D7: B6 | E7: Il existe une interopérabilité/interface entre le logiciel de la PUI et le logiciel du bloc opératoire ? | G7: =IF(F7="Oui",1,IF(F7="Non",0,IF(F7="Oui partiellement",0.5,IF(F7="Non applicable",0,"")))) | I7: Les échanges de données, notamment entre la pharmacie à usage intérieur et le service utilisateur, doivent respecter le cadre d’interopérabilité des systèmes d’information de santé.
A8: Art.15 - arrêté du 8 septembre 2021 K-08 ANAP module PUI Critère 2.3-07 | B8: QUALITE ET GESTION DES RISQUES | C8: Entretien | D8: B7 | E8: Une conduite à tenir en cas d'indisponibilité d'un DMI à la date prévue de l'intervention (ex : en cas de rupture d’approvisionnement, de retrait de lot, d’alerte sanitaire, en dehors des horaires d'ouverture de la PUI) a-t-elle été formalisée avec le service ? | G8: =IF(F8="Oui",1,IF(F8="Non",0,IF(F8="Oui partiellement",0.5,IF(F8="Non applicable",0,"")))) | I8: En cas d’indisponibilité à la date prévue d'utilisation, la pharmacie à usage intérieur informe le service utilisateur afin d’envisager la conduite à tenir.
A9: Art.15 - arrêté du 8 septembre 2021 I-04 ANAP module PUI | B9: RÉCEPTION / STOCKAGE | C9: Observation | D9: B8 | E9: La réception des DMI par la PUI fait-elle l'objet d'un rapprochement entre le bon de commande, le bon de livraison du fabricant ou du distributeur et les DMI effectivement livrés? | G9: =IF(F9="Oui",1,IF(F9="Non",0,IF(F9="Oui partiellement",0.5,IF(F9="Non applicable",0,"")))) | I9: La réception des dispositifs médicaux implantables par la pharmacie à usage intérieur, fait l’objet d’un rapprochement entre le bon de commande, le bon de livraison du fabricant ou du distributeur et les dispositifs médicaux implantables effectivement livrés. La réception ainsi validée, fait l’objet d’un enregistrement informatique, en temps réel, dans le système d’information de l’établissement de santé ou de l’installation de chirurgie esthétique, à l’aide d’un système d’identification et de saisie automatiques des données adapté à la lecture des informations relatives aux dispositifs médicaux implantables retranscrites dans le support IUD.
A10: Art.15 - arrêté du 8 septembre 2021 I-03 ANAP module PUI | B10: SYSTÈME D'INFORMATION | C10: Observation | D10: B9 | E10: Le(s) logiciel(s) permet(tent) une saisie informatique, en temps réel, des données entrantes de traçabilité sanitaire (Fournisseur/PUI) dans le système d'information. | G10: =IF(F10="Oui",1,IF(F10="Non",0,IF(F10="Oui partiellement",0.5,IF(F10="Non applicable",0,""))))
A11: Art.15 - arrêté du 8 septembre 2021 I-07 et I-08 ANAP module PUI | B11: SYSTÈME D'INFORMATION | C11: Entretien | D11: B10 | E11: A l'étape de réception des DMI, Ia PUI est-elle équipée d'un système d'identification et de saisie automatique des données (lecteurs de code à barres/datamatrix) adapté à la lecture des informations extraites de l'IUD ? | G11: =IF(F11="Oui",1,IF(F11="Non",0,IF(F11="Oui partiellement",0.5,IF(F11="Non applicable",0,""))))
A12: Art.15 - arrêté du 8 septembre 2021 N-03 ANAP module PUI | B12: RÉCEPTION / STOCKAGE | C12: Observation | D12: B11 | E12: Les DMI gérés en achat sont enregistrés informatiquement en temps réel dans le système d'information, à la réception, avant leur délivrance aux services utilisateurs | G12: =IF(F12="Oui",1,IF(F12="Non",0,IF(F12="Oui partiellement",0.5,IF(F12="Non applicable",0,""))))
A13: Art.15 - arrêté du 8 septembre 2021 N-04 ANAP module PUI | B13: RÉCEPTION / STOCKAGE | C13: Observation | D13: B12 | E13: Les DMI gérés en dépôt permanent sont enregistrés informatiquement en temps réel dans le système d'information, à la réception, avant leur délivrance aux services utilisateurs | G13: =IF(F13="Oui",1,IF(F13="Non",0,IF(F13="Oui partiellement",0.5,IF(F13="Non applicable",0,"")))) | I13: Les dispositifs médicaux implantables gérés en dépôt font l’objet d’un enregistrement informatique dans le système d’information de l’établissement. Les conditions d’enregistrement, de réception et de stockage de ces dépôts répondent aux conditions définies à l'article 15.
A14: Art.15 - arrêté du 8 septembre 2021 N-04 ANAP module PUI | B14: RÉCEPTION / STOCKAGE | C14: Observation | D14: B13 | E14: Les DMI gérés en dépôt temporaire sont enregistrés informatiquement en temps réel dans le système d'information, à la réception, avant leur délivrance aux services utilisateurs | G14: =IF(F14="Oui",1,IF(F14="Non",0,IF(F14="Oui partiellement",0.5,IF(F14="Non applicable",0,""))))
A15: Art.15 - arrêté du 8 septembre 2021 J-02 et J-03 ANAP module PUI Critère 2.3-07 | B15: RÉCEPTION / STOCKAGE | C15: Observation | D15: B14 | E15: Les locaux de la PUI permettent des conditions adaptées pour assurer la conservation de l'intégrité et de la stérilité des DMI (isolation, éclairage, température, hygrométrie, ventilation des locaux,...) | G15: =IF(F15="Oui",1,IF(F15="Non",0,IF(F15="Oui partiellement",0.5,IF(F15="Non applicable",0,"")))) | I15: Les locaux de la pharmacie à usage intérieur utilisés pour le stockage des dispositifs médicaux implantables sont régulièrement entretenus, d’un volume adapté au volume du stock détenu, à l’abri de la lumière solaire directe et de contaminations de toute nature, à température adaptée, avec une ventilation adaptée. Les dispositifs médicaux implantables ne sont pas stockés à même le sol, absence de périmés
A16: Art.15 - arrêté du 8 septembre 2021 E-07 ANAP module PUI | B16: QUALITE ET GESTION DES RISQUES | C16: Entretien | D16: B15 | E16: Des audits des conditions de stockage et de détention des DMI dans les US sont réalisés régulièrement par la PUI, a minima annuellement (dotation, étiquetage, péremption, respect du système plein/vide le cas échéant, respect des conditions de stockage …) pour garantir la sécurité et la performance clinique des produits stockés. | G16: =IF(F16="Oui",1,IF(F16="Non",0,IF(F16="Oui partiellement",0.5,IF(F16="Non applicable",0,"")))) | I16: La pharmacie à usage intérieur, procède à des audits réguliers, a minima annuels, des conditions de stockage et de détention des dispositifs médicaux implantables dans les services utilisateurs pour garantir la sécurité et les performances cliniques des produits stockés Un procès-verbal des audits est disponible : daté de moins d'un an et co-signé par le pharmacien et le responsable médical du service utilisateur ou par un médecin du service.
A17: Art.15 - arrêté du 8 septembre 2021 K-07 ANAP module PUI | B17: SYSTÈME D'INFORMATION | C17: Entretien | D17: B16 | E17: A l'étape de délivrance des DMI, la PUI est-elle équipée d'un système d'identification et de saisie automatique des données (lecteurs de code à barres/datamatrix) adapté à la lecture des informations extraites de l'IUD ? | G17: =IF(F17="Oui",1,IF(F17="Non",0,IF(F17="Oui partiellement",0.5,IF(F17="Non applicable",0,"")))) | I17: L’enregistrement est réalisé à l’aide d’un système d’identification et de saisie automatiques des données adapté à la lecture des informations relatives aux dispositifs médicaux implantables retranscrites dans le support IUD.
A18: Art.15 - arrêté du 8 septembre 2021 Art. 32 - règlement (UE) 2017/745 MDCG 2021-1 Rev.1, Guidance on harmonised administrative practices and alternative technical solutions until EUDAMED is fully functional, May 2021 | B18: DÉLIVRANCE / TRANSPORT | C18: Entretien | D18: B17 | E18: Mettez-vous à disposition du service utilisateur les informations et référentiels nécessaires au bon usage du dispositif médical implantable ? (pour information un résumé des caractéristiques de sécurité et des performances cliniques peut être mis à disposition par le fabricant) | G18: =IF(F18="Oui",1,IF(F18="Non",0,IF(F18="Oui partiellement",0.5,IF(F18="Non applicable",0,"")))) | I18: Le service utilisateur et la pharmacie à usage intérieur prennent en compte les informations relatives au dispositif médical implantable et notamment le contenu du résumé des caractéristiques de sécurité et des performances cliniques disponible dans EUDAMED (s'il ne figure pas dans EUDAMED, soit le RCSP doit être mis à disposition du public sur demande, soit le fabricant doit préciser où il est mis à disposition du public). Le cas échéant, la pharmacie à usage intérieur met à disposition du service utilisateur les informations et référentiels nécessaires au bon usage du dispositif médical implantable.
A19: Critère 2.3-07 Art.15 - arrêté du 8 septembre 2021 L-05 ANAP module PUI | B19: DÉLIVRANCE / TRANSPORT | C19: Observation | D19: B18 | E19: Les équipements/contenants utilisés pour la délivrance des DMI et le transport au service destinataire sont sécurisés et identifiés au nom de l'unité. | G19: =IF(F19="Oui",1,IF(F19="Non",0,IF(F19="Oui partiellement",0.5,IF(F19="Non applicable",0,"")))) | I19: L'organisation du transport doit permettre l’approvisionnement des unités de soins dans des conditions d'hygiène et de sécurité : *de façon régulière mais prévoir des procédures de livraison spécifiques, notamment pour les transports rapides liés à des demandes ponctuelles, urgentes ou à des produits particuliers *de manière à garantir l'intégrité, la stérilité et la confidentialité par tout système de fermeture approprié *de manière à réaliser une traçabilité des opérations de transport *afin d'assurer la réception des DMI dans les services utilisateurs
A20: Art.15 - arrêté du 8 septembre 2021 K-04 et L-04 ANAP module PUI | B20: DÉLIVRANCE / TRANSPORT | C20: Entretien | D20: B19 | E20: La délivrance et le transport des DMI permettent-ils d'assurer les conditions de conservation de l'intégrité et de la stérilité des DMI ? | G20: =IF(F20="Oui",1,IF(F20="Non",0,IF(F20="Oui partiellement",0.5,IF(F20="Non applicable",0,"")))) | I20: La délivrance de dispositifs médicaux implantables aux services utilisateurs est assurée par la pharmacie à usage intérieur, dans des conditions optimales destinées à assurer la conservation de leur intégrité et de leur stérilité.
A21: Art.15 - arrêté du 8 septembre 2021 J-06 ANAP module PUI Critère 2.3-07 | B21: RÉCEPTION / STOCKAGE | C21: Observation | D21: B20 | E21: La PUI effectue des contrôles de péremption des DMI régulièrement | G21: =IF(F21="Oui",1,IF(F21="Non",0,IF(F21="Oui partiellement",0.5,IF(F21="Non applicable",0,"")))) | I21: Les locaux de la pharmacie à usage intérieur utilisés pour le stockage des dispositifs médicaux implantables sont régulièrement entretenus, d’un volume adapté au volume du stock détenu, à l’abri de la lumière solaire directe et de contaminations de toute nature, à température adaptée, avec une ventilation adaptée. Les dispositifs médicaux implantables ne sont pas stockés à même le sol, absence de périmés
A22: Art.15 - arrêté du 8 septembre 2021 K-06 et N-03 ANAP module PUI | B22: DÉLIVRANCE / TRANSPORT | C22: Observation | D22: B21 | E22: Les DMI gérés en achat font l'objet d'un enregistrement informatique en temps réel dans le système d'information, lors de leur délivrance aux services utilisateurs (date, quantité délivrée, US destinataire,...) | G22: =IF(F22="Oui",1,IF(F22="Non",0,IF(F22="Oui partiellement",0.5,IF(F22="Non applicable",0,"")))) | I22: La pharmacie à usage intérieur enregistre l’ensemble des données relatives à la délivrance des dispositifs médicaux implantables dans le système d’information de l’établissement de santé
A23: Art.15 - arrêté du 8 septembre 2021 K-06 et N-04 ANAP module PUI | B23: DÉLIVRANCE / TRANSPORT | C23: Observation | D23: B22 | E23: Les DMI gérés en dépôt permanent font l'objet d'un enregistrement informatique en temps réel dans le système d'information, lors de leur délivrance aux services utilisateurs (date, quantité délivrée, US destinataire,...) | G23: =IF(F23="Oui",1,IF(F23="Non",0,IF(F23="Oui partiellement",0.5,IF(F23="Non applicable",0,"")))) | I23: Les dispositifs médicaux implantables gérés en dépôt font l’objet d’un enregistrement informatique dans le système d’information de l’établissement. Les conditions d’enregistrement, de réception et de stockage de ces dépôts répondent aux conditions définies à l'article 15.
A24: Art.15 - arrêté du 8 septembre 2021 K-06 et N-04 ANAP module PUI | B24: DÉLIVRANCE / TRANSPORT | C24: Observation | D24: B23 | E24: Les DMI gérés en dépôt temporaire font l'objet d'un enregistrement informatique en temps réel dans le système d'information, lors de leur délivrance aux services utilisateurs (date, quantité délivrée, US destinataire,...) | G24: =IF(F24="Oui",1,IF(F24="Non",0,IF(F24="Oui partiellement",0.5,IF(F24="Non applicable",0,""))))
A25: Art.15 - arrêté du 8 septembre 2021 | B25: DÉLIVRANCE / TRANSPORT | C25: Observation | D25: B24 | E25: Lors de la délivrance aux services, la PUI transmet les données relatives aux DMI permettant le rapprochement entre la demande service et la délivrance PUI (date, quantité délivrée, US destinataire,...) | G25: =IF(F25="Oui",1,IF(F25="Non",0,IF(F25="Oui partiellement",0.5,IF(F25="Non applicable",0,"")))) | I25: La réception des dispositifs médicaux implantables par le service utilisateur fait l’objet d’un rapprochement entre la demande réalisée auprès de la pharmacie à usage intérieur et les dispositifs médicaux implantables effectivement livrés au service utilisateur. Ce rapprochement est réalisé par le service utilisateur sur la base des données relatives à la délivrance, transmises par la pharmacie à usage intérieur dans le système d’information.

Sheet Bloc opératoire
A1: Référentiels | B1: Thème | C1: Mode d'évaluation | D1: Référence | E1: Libellé du critère | F1: Réponse | G1: Cotation | H1: Commentaires auditeurs | I1: Précisions et attendus | J1: Commentaires éventuels de l'établissement audité
A2: Art.15 - arrêté du 8 septembre 2021 B-01 ANAP module US | B2: QUALITE ET GESTION DES RISQUES | C2: Entretien | D2: C1 | E2: La liste de DMI référencés au sein de l'établissement est-elle accessible ? | G2: =IF(OR(F2="Oui",F2="Oui totalement"),1,IF(F2="Non",0,IF(F2="Oui partiellement",0.5,IF(F2="Non applicable",0,"")))) | I2: La commission médicale d'établissement élabore la liste des dispositifs médicaux implantables dont l'utilisation est préconisée dans l'établissement de santé. Ne pas confondre la liste des DMI référencés et la liste de dotation Le professionnel sait si un DMI est référencé ou non
A3: Art.15 - arrêté du 8 septembre 2021 B-06 et B.07 ANAP module US | B3: QUALITE ET GESTION DES RISQUES | C3: Observation | D3: C2 | E3: Une liste qualitative et quantitative des DMI en dotation est disponible | G3: =IF(OR(F3="Oui",F3="Oui totalement"),1,IF(F3="Non",0,IF(F3="Oui partiellement",0.5,IF(F3="Non applicable",0,"")))) | I3: La demande de mise en dotation est réalisée par le service utilisateur sur la base de la liste des dispositifs médicaux implantables référencés La liste qualitative et quantitative des dispositifs médicaux implantables mis en dotation est établie pour chaque service utilisateur. La dotation est datée et conjointement signée par le responsable médical du service utilisateur ou, s'il n'est pas désigné, par un médecin du service utilisateur, le cadre de santé du service utilisateur ou son équivalent, et par le pharmacien. La composition de la dotation est évaluée, au minimum une fois par an, au regard de la consommation réelle en dispositifs médicaux implantables et, le cas échéant, révisée. La liste des DMI en dotation est disponible et conforme à l'article 15 de l'arrêté : - liste qualitative et quantitative : IUD-ID si disponible, nom ou dénomination commerciale du dispositif selon la nomenclature de référence en vigueur, nom du fabricant et le cas échéant de son mandataire, référence ou numéro dans le catalogue du fabricant, dimensions cliniques (dont le volume, la longueur, le calibre, le diamètre); le cas échéant, le nom du distributeur et la référence ou le numéro dans le catalogue du distributeur; la quantité maximale - datée et conjointement signée par le responsable médical du service utilisateur/ cadre du service utilisateur/ pharmacien - révision < 1 an
A4: Art.15 - arrêté du 8 septembre 2021 | B4: POSE DMI | C4: Observation | D4: C3 | E4: Le renouvellement des dispositifs médicaux implantables en dotation est effectué par la PUI sur présentation des éléments de traçabilité justifiant leur utilisation | G4: =IF(OR(F4="Oui",F4="Oui totalement"),1,IF(F4="Non",0,IF(F4="Oui partiellement",0.5,IF(F4="Non applicable",0,"")))) | I4: Le renouvellement des dispositifs médicaux implantables en dotation est effectué par la PUI sur présentation des éléments justifiant leur utilisation. Préciser la nature du support utilisé (informatique, papier) et les informations disponibles
A5: Art.15 - arrêté du 8 septembre 2021 B-03 ANAP module US | B5: SYSTÈME D'INFORMATION | C5: Observation | D5: C4 | E5: Le SI permet-il de faire une demande pour les DMI référencés mais non compris dans la dotation du service ? | G5: =IF(OR(F5="Oui",F5="Oui totalement"),1,IF(F5="Non",0,IF(F5="Oui partiellement",0.5,IF(F5="Non applicable",0,"")))) | I5: Si un dispositif médical implantable, figurant sur la liste des dispositifs médicaux implantables référencés par l’établissement de santé mais non compris dans la dotation du service fait l’objet d’un besoin, une demande est transmise à la pharmacie à usage intérieur par le service utilisateur via le système d’information de l’établissement.
A6: Art.15 - arrêté du 8 septembre 2021 B-03 ANAP module US | B6: SYSTÈME D'INFORMATION | C6: Entretien | D6: C5 | E6: A titre exceptionnel, un formulaire est-il prévu pour permettre de faire une demande à la PUI de DMI non référencés au sein de l'établissement pour répondre à un besoin spécifique ? | G6: =IF(OR(F6="Oui",F6="Oui totalement"),1,IF(F6="Non",0,IF(F6="Oui partiellement",0.5,IF(F6="Non applicable",0,"")))) | I6: A titre exceptionnel, un service utilisateur peut solliciter, auprès du pharmacien, un dispositif médical implantable ne figurant pas sur la liste des dispositifs médicaux référencés par l’établissement de santé afin de répondre à un besoin spécifique. Cette demande doit être justifiée et transmise à la pharmacie à usage intérieur via le système d’information de l’établissement.
A7: Art.15 - arrêté du 8 septembre 2021 O-01 ANAP module PUI | B7: RÉCEPTION / STOCKAGE | C7: Entretien | D7: C6 | E7: Un inventaire des DMI en dépôts, réalisé avec la PUI et le fabricant ou le distributeur, a-t-il lieu au moins une fois par an? | G7: =IF(OR(F7="Oui",F7="Oui totalement"),1,IF(F7="Non",0,IF(F7="Oui partiellement",0.5,IF(F7="Non applicable",0,"")))) | I7: Chaque dépôt de dispositifs médicaux implantables dans les services utilisateurs fait l’objet d’au moins un inventaire annuel réalisé avec le service utilisateur, la pharmacie à usage intérieur et le fabricant ou le distributeur. PV ou CR de moins d'un an - modalités inventaires précisées dans la convention signée entre la direction et le fabricant ou le fournisseur
A8: Art.15 - arrêté du 8 septembre 2021 C-01 ANAP module US | B8: RÉCEPTION / STOCKAGE | C8: Entretien | D8: C7 | E8: Les DMI sont livrés dans une zone identifiée et sécurisée | G8: =IF(OR(F8="Oui",F8="Oui totalement"),1,IF(F8="Non",0,IF(F8="Oui partiellement",0.5,IF(F8="Non applicable",0,"")))) | I8: Le cadre de santé du service utilisateur ou son équivalent définit, en accord avec le pharmacien, les procédures pour les demandes, la réception, et les conditions de stockage, permettant de sécuriser l’accès et l’utilisation des dispositifs médicaux implantables détenus.
A9: Art.15 - arrêté du 8 septembre 2021 C-03 ANAP module US | B9: RÉCEPTION / STOCKAGE | C9: Observation | D9: C8 | E9: La réception des DMI fait l'objet d'un contrôle de concordance entre les DMI réceptionnés, le bordereau de demande et le bon de livraison | G9: =IF(OR(F9="Oui",F9="Oui totalement"),1,IF(F9="Non",0,IF(F9="Oui partiellement",0.5,IF(F9="Non applicable",0,"")))) | I9: La réception des dispositifs médicaux implantables par le service utilisateur fait l’objet d’un rapprochement entre la demande réalisée auprès de la pharmacie à usage intérieur et les dispositifs médicaux implantables effectivement livrés au service utilisateur. Ce rapprochement est réalisé par le service utilisateur sur la base des données relatives à la délivrance, transmises par la pharmacie à usage intérieur dans le système d’information.
A10: Art.15 - arrêté du 8 septembre 2021 | B10: SYSTÈME D'INFORMATION | C10: Observation | D10: C9 | E10: La réception des DMI en achat est validée en temps réel par le service utilisateur et fait l’objet d’un enregistrement dans le SI | G10: =IF(OR(F10="Oui",F10="Oui totalement"),1,IF(F10="Non",0,IF(F10="Oui partiellement",0.5,IF(F10="Non applicable",0,"")))) | I10: La réception est ainsi validée en temps réel par le service utilisateur et fait l’objet d’un enregistrement dans le système d’information de l’établissement de santé
A11: Art.15 - arrêté du 8 septembre 2021 | B11: SYSTÈME D'INFORMATION | C11: Observation | D11: C10 | E11: La réception des DMI en dépôt permanent est validée en temps réel par le service utilisateur et fait l’objet d’un enregistrement dans le SI | G11: =IF(OR(F11="Oui",F11="Oui totalement"),1,IF(F11="Non",0,IF(F11="Oui partiellement",0.5,IF(F11="Non applicable",0,"")))) | I11: Les conditions d’enregistrement, de réception et de stockage de ces dépôts répondent aux conditions définies à l'article 15.
A12: Art.15 - arrêté du 8 septembre 2021 | B12: SYSTÈME D'INFORMATION | C12: Observation | D12: C11 | E12: La réception des DMI en dépôt temporaire est validée en temps réel par le service utilisateur et fait l’objet d’un enregistrement dans le SI | G12: =IF(OR(F12="Oui",F12="Oui totalement"),1,IF(F12="Non",0,IF(F12="Oui partiellement",0.5,IF(F12="Non applicable",0,""))))
A13: Art.15 - arrêté du 8 septembre 2021 D-01 - ANAP module US | B13: RÉCEPTION / STOCKAGE | C13: Observation | D13: C12 | E13: Le stockage des DMI est sécurisé | G13: =IF(OR(F13="Oui",F13="Oui totalement"),1,IF(F13="Non",0,IF(F13="Oui partiellement",0.5,IF(F13="Non applicable",0,"")))) | I13: Le cadre de santé du service utilisateur ou son équivalent définit, en accord avec le pharmacien, les procédures pour les demandes, la réception, et les conditions de stockage, permettant de sécuriser l’accès et l’utilisation des dispositifs médicaux implantables détenus.
A14: Art.15 - arrêté du 8 septembre 2021 D-02 ANAP module US Critère 2.3-07 | B14: RÉCEPTION / STOCKAGE | C14: Entretien | D14: C13 | E14: Avez-vous été formé aux règles de stockage des DM notamment DMI (dotation, gestion en "plein-vide", rotation du type PPPS ("premier périmé, premier sorti"), absence de plicature des emballages, pas d’inscription sur les emballages, pas de produits entassés ou regroupés avec des liens élastiques, ....) ? | G14: =IF(OR(F14="Oui",F14="Oui totalement"),1,IF(F14="Non",0,IF(F14="Oui partiellement",0.5,IF(F14="Non applicable",0,"")))) | I14: Le rangement des dispositifs médicaux implantables est réalisé en fonction des dates d’expiration. Une formation spécifique à la mise en œuvre des procédures et modes opératoires de l’établissement de santé s’impose à tous les acteurs impliqués dans le circuit des dispositifs médicaux implantables, notamment à leur prise de fonction et lors de la mise en place de nouvelles procédures ou de nouveaux modes opératoires. Le suivi d’une formation à la gestion des risques liés aux dispositifs médicaux implantables est recommandé à tous les acteurs du circuit des dispositifs médicaux implantables
A15: D.09 ANAP module US Critère 2.3-07 | B15: RÉCEPTION / STOCKAGE | C15: Observation | D15: C14 | E15: Les dates de péremption des DMI en dotation sont vérifiées périodiquement selon un calendrier défini avec traçabilité. | G15: =IF(OR(F15="Oui",F15="Oui totalement"),1,IF(F15="Non",0,IF(F15="Oui partiellement",0.5,IF(F15="Non applicable",0,"")))) | I15: Contrôle enregistré des péremptions
A16: Art.15 - arrêté du 8 septembre 2021 D-04 et 06 ANAP module US Critère 2.3-07 | B16: RÉCEPTION / STOCKAGE | C16: Observation | D16: C15 | E16: Les équipements ou locaux de l'US sont adaptés pour garantir des conditions optimales de stockage des DMI (surface, dimensions, rayonnages, volume adapté…), assurer le maintien de l'état stérile (ventilation appropriée, à l'abri de la lumière et des contaminations de toute nature, ...). | G16: =IF(OR(F16="Oui",F16="Oui totalement"),1,IF(F16="Non",0,IF(F16="Oui partiellement",0.5,IF(F16="Non applicable",0,"")))) | I16: Les emplacements de stockage du service utilisateur sont d’un volume adapté, à l’abri de la lumière solaire directe et de contaminations de toutes natures, à température adaptée, avec une ventilation appropriée. Les conditions de stockage sont conformes aux spécifications des fabricants afin de ne pas altérer la sécurité et les performances cliniques du produit. Les dispositifs médicaux implantables ne sont pas stockés à même le sol.
A17: Art.15 - arrêté du 8 septembre 2021 D-05 ANAP module US | B17: RÉCEPTION / STOCKAGE | C17: Observation | D17: C16 | E17: Un relevé de traçabilité de l'entretien des emplacements de stockage des DMI est réalisé ? | G17: =IF(OR(F17="Oui",F17="Oui totalement"),1,IF(F17="Non",0,IF(F17="Oui partiellement",0.5,IF(F17="Non applicable",0,"")))) | I17: Les emplacements de stockage du service utilisateur sont régulièrement entretenus
A18: Art.15 - arrêté du 8 septembre 2021 G-07 ANAP module US | B18: POSE DMI | C18: Observation | D18: C17 | E18: La pose d'un DMI fait l’objet d’un enregistrement en temps réel dans le SI de santé par le service utilisateur au moment de l'utilisation | G18: =IF(OR(F18="Oui",F18="Oui totalement"),1,IF(F18="Non",0,IF(F18="Oui partiellement",0.5,IF(F18="Non applicable",0,"")))) | I18: Au moment de l'utilisation d'un dispositif médical implantable, le service utilisateur enregistre dans le système d'information de l'établissement de santé, à l'aide d'un système d'identification et de saisie automatiques des données, les informations suivantes : la date d'utilisation du dispositif, les données relatives à l'identité et à l'identification du patient, les données relatives à l'identité du professionnel de santé
A19: Art.15 - arrêté du 8 septembre 2021 G-11 ANAP module US | B19: SYSTÈME D'INFORMATION | C19: Observation | D19: C18 | E19: L'enregistrement de la pose dans le SI de santé est fait à l'aide d'un système d'identification et de saisie automatiques des données adapté (lecteurs de code à barres/data matrix) | G19: =IF(OR(F19="Oui",F19="Oui totalement"),1,IF(F19="Non",0,IF(F19="Oui partiellement",0.5,IF(F19="Non applicable",0,""))))
A20: H-01 ANAP module US N-11 ANAP module PUI | B20: POSE DMI | C20: Entretien | D20: C19 | E20: Les échecs de pose d'un DMI sont-ils tracés et signalés ? | G20: =IF(OR(F20="Oui",F20="Oui totalement"),1,IF(F20="Non",0,IF(F20="Oui partiellement",0.5,IF(F20="Non applicable",0,""))))
A21: Art.15 - arrêté du 8 septembre 2021 Critère 2.2-05 | B21: SYSTÈME D'INFORMATION | C21: Observation | D21: C20 | E21: Les données enregistrées au moment de la pose de DMI par le service utilisateur viennent compléter les données préalablement enregistrées dans le SI par la PUI au moment de la délivrance | G21: =IF(OR(F21="Oui",F21="Oui totalement"),1,IF(F21="Non",0,IF(F21="Oui partiellement",0.5,IF(F21="Non applicable",0,"")))) | I21: Non conforme si données DMI non transmises par la PUI dans le SI au moment de la délivrance ou si données ressaisies par le service utilisateur
A22: Art.15 - arrêté du 8 septembre 2021 Critère 2.3-07 Critère 2.3-01 | B22: POSE DMI | C22: Entretien | D22: C21 | E22: Existe-t-il une organisation pour contrôler la mise à disposition effective du DMI dans le service à minima 48h avant une intervention programmée (exemple check-list matériel 48 heures avant toute intervention programmée de la HAS) ? | G22: =IF(OR(F22="Oui",F22="Oui totalement"),1,IF(F22="Non",0,IF(F22="Oui partiellement",0.5,IF(F22="Non applicable",0,"")))) | I22: Avant toute utilisation d’un dispositif médical implantable, il est nécessaire de : – s’assurer de la bonne identification du patient conformément aux procédures d’identitovigilance en vigueur dans l’établissement de santé ou dans l’installation de chirurgie esthétique ; – s’assurer de disposer des ancillaires, des accessoires de dispositif définis à l’article 2 du règlement (UE) 2017/745 susvisé et, le cas échéant, des équipements biomédicaux ; – s’assurer de disposer, le cas échéant, de dispositifs médicaux implantables supplémentaires permettant la prise en charge du patient ; – vérifier la conformité du dispositif médical implantable au regard de ses conditions d’utilisation ; – vérifier la date d’expiration du ou des dispositifs ; – vérifier l’intégrité technique des équipements ; – contrôler l’intégrité de l’emballage assurant le maintien de l’état stérile du ou des dispositifs Pour information la HAS propose un outil : "check-list matériel 48 heures avant toute intervention programmée" (https://www.has-sante.fr/upload/docs/application/pdf/2023-03/ssp2_check_list_materiel_48_h_avant_chirurgie.pdf)
A23: Art.14 - arrêté du 8 septembre 2021 Critère 2.4-04 et 3.7-04 | B23: QUALITE ET GESTION DES RISQUES | C23: Entretien | D23: C22 | E23: Les professionnels du service sont-ils associés à l'analyse des fiches de signalement d'évènements indésirables en lien avec le circuit des DMI et la traçabilité sanitaire ? | G23: =IF(OR(F23="Oui",F23="Oui totalement"),1,IF(F23="Non",0,IF(F23="Oui partiellement",0.5,IF(F23="Non applicable",0,"")))) | I23: Les équipes améliorent leurs pratiques en analysant les événements indésirables associés aux soins qu’elles ont déclarés L’établissement analyse, exploite et communique la survenue d’événements indésirables liées aux soins
A24: Art.12 - arrêté du 8 septembre 2021 A-04 ANAP module US Critère 2.3-02 | B24: QUALITE ET GESTION DES RISQUES | C24: Entretien | D24: C23 | E24: Savez-vous comment contacter le correspondant local de matériovigilance ou son suppléant ? | G24: =IF(OR(F24="Oui",F24="Oui totalement"),1,IF(F24="Non",0,IF(F24="Oui partiellement",0.5,IF(F24="Non applicable",0,""))))
A25: Art.11 - arrêté du 8 septembre 2021 | B25: QUALITE ET GESTION DES RISQUES | C25: Entretien | D25: C24 | E25: Un recueil des non conformités/dysfonctionnements (réception, transport, traçabilité, délivrance, ...) est-il mis en place ? | G25: =IF(OR(F25="Oui",F25="Oui totalement"),1,IF(F25="Non",0,IF(F25="Oui partiellement",0.5,IF(F25="Non applicable",0,"")))) | I25: Toute personne impliquée directement ou indirectement dans le circuit des dispositifs médicaux implantables au sein d’un établissement de santé est tenue de déclarer les évènements indésirables, les erreurs, les dysfonctionnements ou les défauts de traçabilité liés au circuit des dispositifs médicaux implantables.
A26: Art.12 - arrêté du 8 septembre 2021 | B26: QUALITE ET GESTION DES RISQUES | C26: Entretien | D26: C25 | E26: Les non-conformités/dysfonctionnements détectés font-ils l’objet d’une analyse des causes et d’actions correctives ? | G26: =IF(OR(F26="Oui",F26="Oui totalement"),1,IF(F26="Non",0,IF(F26="Oui partiellement",0.5,IF(F26="Non applicable",0,""))))
A27: Art.7 et 10 - arrêté du 8 septembre 2021 | B27: QUALITE ET GESTION DES RISQUES | C27: Entretien | D27: C26 | E27: Avez-vous été sollicité pour alimenter une étude des risques liés au circuit des DMI ? | G27: =IF(OR(F27="Oui",F27="Oui totalement"),1,IF(F27="Non",0,IF(F27="Oui partiellement",0.5,IF(F27="Non applicable",0,"")))) | I27: La direction veille à ce qu’un système documentaire relatif au management de la qualité du circuit des dispositifs médicaux implantables soit établi et tenu à jour. Il comprend les informations documentées suivantes : Une étude des risques encourus par les patients liés au circuit des dispositifs médicaux implantables dont celles mentionnée à l’article 10

Sheet Service-information Patient
A1: Référentiels | B1: Référence | C1: Mode d'évaluation | D1: Thème | E1: Libellé du critère | F1: Cotation | G1: Commentaires auditeurs | H1: Précision et attendus | I1: Commentaires éventuels de l'établissement audité
A2: Article 18 règlement (EU) 2017/740 Article R5212-42 Art.15 - arrêté du 8 septembre 2021 Critère 2.2-20 | B2: D1 | C2: Entretien | D2: INFORMATION PATIENT | E2: La remise d'un document au patient (reprenant les informations relatives à l'implantation d'un DMI) lors de sa sortie est-elle formalisée ? | H2: A l’issue des soins, l’établissement de santé ou l’installation de chirurgie esthétique transmet au patient le document mentionné à l’article R. 5212-42 du code de la santé publique. Pour les dispositifs médicaux implantables certifiés conformément au règlement (EU) 2017/745 susvisé, l’établissement de santé ou l’installation de chirurgie esthétique met à la disposition du patient chez lequel un dispositif a été implanté : *Les informations jointes au dispositif médical implantable par le fabricant, mentionnées au 1 de l’article 18 du règlement précité, par tout moyen permettant un accès rapide auxdites informations ; *La carte d’implant mentionnée à l’article 18 du règlement précité.
A3: Art.15 - arrêté du 8 septembre 2021 Article R1112-2 | B3: D2 | C3: Observation | D3: INFORMATION PATIENT | E3: Les informations transmises au patient sont traçées dans le dossier patient informatisé
A4: Art.15 - arrêté du 8 septembre 2021 Décret n° 2016-995 du 20 juillet 2016 relatif aux lettres de liaison Article R1112-1-2 Critère 2.2-20 | B4: D3 | C4: Observation | D4: INFORMATION PATIENT | E4: Les informations transmises au patient sont traçées dans la lettre de liaison de sortie | H4: La lettre de liaison contient notamment une synthèse médicale du séjour précisant les informations permettant l'identification du dispositif médical implantable et les éléments relatifs à son utilisation.
A5: Article 18 règlement (EU) 2017/740 Art.15 - arrêté du 8 septembre 2021 | B5: D4 | C5: Observation | D5: INFORMATION PATIENT | E5: Identification du dispositif (nom, numéro de série, numéro de lot, IUD, modèle du dispositif, nom, adresse et site internet du fabricant)
A6: Article 18 règlement (EU) 2017/740 Art.15 - arrêté du 8 septembre 2021 | B6: D5 | C6: Observation | D6: INFORMATION PATIENT | E6: Lieu et date d'utilisation
A7: Article 18 règlement (EU) 2017/740 Art.15 - arrêté du 8 septembre 2021 | B7: D6 | C7: Observation | D7: INFORMATION PATIENT | E7: Nom du médecin ou chirurgien dentiste utilisateur
A8: Article 18 règlement (EU) 2017/740 Art.15 - arrêté du 8 septembre 2021 | B8: D7 | C8: Observation | D8: INFORMATION PATIENT | E8: Durée de vie prévue du DMI et suivi éventuel
A9: Article 18 règlement (EU) 2017/740 Art.15 - arrêté du 8 septembre 2021 Évaluation de la compatibilité IRM des dispositifs médicaux implantables par la CNEDiMTS | B9: D8 | C9: Observation | D9: INFORMATION PATIENT | E9: Mises en garde, précautions ou mesures à prendre par le patient ou par un professionnel de santé à l'égard des interférences réciproques avec des sources ou conditions d'environnement extérieures ou des examens médicaux raisonnablement prévisibles
A10: Article 18 règlement (EU) 2017/740 Art.15 - arrêté du 8 septembre 2021 | B10: D9 | C10: Observation | D10: INFORMATION PATIENT | E10: Toute autre information destinée à garantir l'utilisation sûre du dispositif par le patient, notamment les informations figurant dans la notice d'utilisation | H10: Les informations quantitatives et qualitatives générales sur les matériaux et substances auxquels les patients sont susceptibles d'être exposés
A11: Art.15 - arrêté du 8 septembre 2021 Décret n° 2016-995 du 20 juillet 2016 relatif aux lettres de liaison Article R1112-1-2 Critère 2.2-20 | B11: D10 | C11: Entretien | D11: INFORMATION Médecin traitant | E11: La lettre de liaison est-elle transmise au médecin traitant par messagerie sécurisée ou par tout moyen garantissant la confidentialité des informations le jour de la sortie du patient ? | H11: La lettre de liaison est transmise le jour de la sortie du patient de l'établissement, au médecin traitant et, le cas échéant, au praticien qui a adressé le patient à l'établissement, par messagerie sécurisée ou par tout moyen garantissant la confidentialité des informations.

Sheet Audits de dossiers
C1: AUDIT de CARTE d'IMPLANT/ LETTRE DE LIAISON critère 1.1-10 du manuel de certification HAS
C3: Méthodologie : Tirage au sort de 5 dossiers patients ayant bénéficié d'une pose d'implant Période de recueil sur les 6 derniers mois avant la date de l'audit Secteurs : CHIR ORTHO, CARDIO ou autres spécialités Pour chaque dossier, merci d'identifier le TYPE de DMI ou à minima l'ABORD choisi pour l'audit Précisez HC ou Ambulatoire ou Urgence (pas d'exclusion mais laissé au choix de l'établissement)
D5: Activité 1 | I5: Activité 2
C6: Type de DMI / Abord choisi
C7: Type d'hospitalisation
D8: Dossier 1 | E8: Dossier 2 | F8: Dossier 3 | G8: Dossier 4 | H8: Dossier 5 | I8: Dossier 1 | J8: Dossier 2 | K8: Dossier 3 | L8: Dossier 4 | M8: Dossier 5
C9: LETTRE DE LIAISON retrouvée :
C10: CARTE IMPLANT retrouvée :
C11: Carte d'implant
C12: Traçabilité du DMI sur la carte d'implant | D12: CI1 | E12: CI2 | F12: CI3 | G12: CI4 | H12: CI5 | I12: CI1 | J12: CI2 | K12: CI3 | L12: CI4 | M12: CI5
C13: Préciser le type de carte d'implant remise au patient : fabricant ou institutionnelle
C14: Traçabilité de la remise de la carte d'implant au patient au sein du DPI
C15: Précisez où est retrouvée l'information en observation :
C16: Lettre de liaison
C17: Traçabilité du DMI dans la lettre de liaison : Est il retrouvé dans la lettre de liaison les éléments suivants : | D17: LL1 | E17: LL2 | F17: LL3 | G17: LL4 | H17: LL5 | I17: LL1 | J17: LL2 | K17: LL3 | L17: LL4 | M17: LL5
C18: Identification du professionnel poseur du DMI (nom, prénom et RPPS)
C19: IUD du DMI (précisez ce qui est retrouvé IUD-ID ou IUD-IP ou les 2)
C20: Dénomination du DMI
C21: Référence du DMI
C22: Numéro de série et/ou de lot
C23: Nom du fabriquant ou de son mandataire (cas échéant , celui du distributeur)
C24: Adresse et site internet du fabriquant ou de son mandataire (cas échéant , celui du distributeur)
C25: Date d'utilisation du DMI (service/ETS)
C26: Durée de vie prévue du DMI
C27: Suivi éventuel
C28: Transmission de la lettre de liaison contenant notamment l’identification du DMI et de son utilisation au médecin traitant et médecin adresseur
C29: Traçabilité de la remise/ envoi de la lettre de liaison
C33: Article 18 règlement (EU) 2017/740 Art.15 - arrêté du 8 septembre 2021 | D33: D4 | E33: Observation | F33: INFORMATION PATIENT | G33: Identification du dispositif (nom, numéro de série, numéro de lot, IUD, modèle du dispositif, nom, adresse et site internet du fabricant)
C34: Article 18 règlement (EU) 2017/740 Art.15 - arrêté du 8 septembre 2021 | D34: D5 | E34: Observation | F34: INFORMATION PATIENT | G34: Lieu et date d'utilisation
C35: Article 18 règlement (EU) 2017/740 Art.15 - arrêté du 8 septembre 2021 | D35: D6 | E35: Observation | F35: INFORMATION PATIENT | G35: Nom du médecin ou chirurgien dentiste utilisateur
C36: Article 18 règlement (EU) 2017/740 Art.15 - arrêté du 8 septembre 2021 | D36: D7 | E36: Observation | F36: INFORMATION PATIENT | G36: Durée de vie prévue du DMI et suivi éventuel
C37: Article 18 règlement (EU) 2017/740 Art.15 - arrêté du 8 septembre 2021 Évaluation de la compatibilité IRM des dispositifs médicaux implantables par la CNEDiMTS | D37: D8 | E37: Observation | F37: INFORMATION PATIENT | G37: Mises en garde, précautions ou mesures à prendre par le patient ou par un professionnel de santé à l'égard des interférences réciproques avec des sources ou conditions d'environnement extérieures ou des examens médicaux raisonnablement prévisibles
C38: Article 18 règlement (EU) 2017/740 Art.15 - arrêté du 8 septembre 2021 | D38: D9 | E38: Observation | F38: INFORMATION PATIENT | G38: Toute autre information destinée à garantir l'utilisation sûre du dispositif par le patient, notamment les informations figurant dans la notice d'utilisation | J38: Les informations quantitatives et qualitatives générales sur les matériaux et substances auxquels les patients sont susceptibles d'être exposés
C40: nom du dispositif; 2 type de dispositif; 3 identifiant unique du dispositif (IUD); l’IUD doit être dans un format AIDC (identification et saisie automatique des données), par exemple sous la forme d’un code-barres linéaire ou 2D, et l’identifiant «dispositif» (IUD-ID) doit être dans un format lisible par l’homme;
C41: 4 numéro de série ou, le cas échéant, numéro de lot; 5 nom et adresse du fabricant du dispositif médical; 6 site internet du fabricant du dispositif médical
C42: 1 nom ou identifiant du patient; 2 date d’implantation; 3 nom et adresse de l’établissement de soins de santé qui a implanté le dispositif.
C44: Article 18 règlement (EU) 2017/740 Article R5212-42 Art.15 - arrêté du 8 septembre 2021 Critère 2.2-20 | D44: D1 | E44: Entretien | F44: INFORMATION PATIENT | G44: La remise d'un document au patient (reprenant les informations relatives à l'implantation d'un DMI) lors de sa sortie est-elle formalisée ? | J44: A l’issue des soins, l’établissement de santé ou l’installation de chirurgie esthétique transmet au patient le document mentionné à l’article R. 5212-42 du code de la santé publique. Pour les dispositifs médicaux implantables certifiés conformément au règlement (EU) 2017/745 susvisé, l’établissement de santé ou l’installation de chirurgie esthétique met à la disposition du patient chez lequel un dispositif a été implanté : *Les informations jointes au dispositif médical implantable par le fabricant, mentionnées au 1 de l’article 18 du règlement précité, par tout moyen permettant un accès rapide auxdites informations ; *La carte d’implant mentionnée à l’article 18 du règlement précité.
C45: Art.15 - arrêté du 8 septembre 2021 Article R1112-2 | D45: D2 | E45: Observation | F45: INFORMATION PATIENT | G45: Les informations transmises au patient sont traçées dans le dossier patient informatisé
C46: Art.15 - arrêté du 8 septembre 2021 Décret n° 2016-995 du 20 juillet 2016 relatif aux lettres de liaison Article R1112-1-2 Critère 2.2-20 | D46: D3 | E46: Observation | F46: INFORMATION PATIENT | G46: Les informations transmises au patient sont traçées dans la lettre de liaison de sortie | J46: La lettre de liaison contient notamment une synthèse médicale du séjour précisant les informations permettant l'identification du dispositif médical implantable et les éléments relatifs à son utilisation.
C47: Article 18 règlement (EU) 2017/740 Art.15 - arrêté du 8 septembre 2021 | D47: D4 | E47: Observation | F47: INFORMATION PATIENT | G47: Identification du dispositif (nom, numéro de série, numéro de lot, IUD, modèle du dispositif, nom, adresse et site internet du fabricant)
C48: Article 18 règlement (EU) 2017/740 Art.15 - arrêté du 8 septembre 2021 | D48: D5 | E48: Observation | F48: INFORMATION PATIENT | G48: Lieu et date d'utilisation
C49: Article 18 règlement (EU) 2017/740 Art.15 - arrêté du 8 septembre 2021 | D49: D6 | E49: Observation | F49: INFORMATION PATIENT | G49: Nom du médecin ou chirurgien dentiste utilisateur
C50: Article 18 règlement (EU) 2017/740 Art.15 - arrêté du 8 septembre 2021 | D50: D7 | E50: Observation | F50: INFORMATION PATIENT | G50: Durée de vie prévue du DMI et suivi éventuel
C51: Article 18 règlement (EU) 2017/740 Art.15 - arrêté du 8 septembre 2021 Évaluation de la compatibilité IRM des dispositifs médicaux implantables par la CNEDiMTS | D51: D8 | E51: Observation | F51: INFORMATION PATIENT | G51: Mises en garde, précautions ou mesures à prendre par le patient ou par un professionnel de santé à l'égard des interférences réciproques avec des sources ou conditions d'environnement extérieures ou des examens médicaux raisonnablement prévisibles
C52: Article 18 règlement (EU) 2017/740 Art.15 - arrêté du 8 septembre 2021 | D52: D9 | E52: Observation | F52: INFORMATION PATIENT | G52: Toute autre information destinée à garantir l'utilisation sûre du dispositif par le patient, notamment les informations figurant dans la notice d'utilisation | J52: Les informations quantitatives et qualitatives générales sur les matériaux et substances auxquels les patients sont susceptibles d'être exposés
C53: Art.15 - arrêté du 8 septembre 2021 Décret n° 2016-995 du 20 juillet 2016 relatif aux lettres de liaison Article R1112-1-2 Critère 2.2-20 | D53: D10 | E53: Entretien | F53: INFORMATION Médecin traitant | G53: La lettre de liaison est-elle transmise au médecin traitant par messagerie sécurisée ou par tout moyen garantissant la confidentialité des informations le jour de la sortie du patient ? | J53: La lettre de liaison est transmise le jour de la sortie du patient de l'établissement, au médecin traitant et, le cas échéant, au praticien qui a adressé le patient à l'établissement, par messagerie sécurisée ou par tout moyen garantissant la confidentialité des informations.

Sheet Entretien Patient
A1: Référentiels | B1: Thème | C1: Mode d'évaluation | D1: Référence | E1: Libellé du critère | F1: Réponse | G1: Cotation | H1: Commentaires auditeurs | I1: Précision et attendus | J1: Commentaires éventuels de l'établissement audité
A2: Art.15 - arrêté du 8 septembre 2021 Article L. 1111-4 du code de la santé publique. Critère 1.1-03 | B2: INFORMATION PATIENT | C2: Entretien patient | D2: D1 | E2: Avant l'intervention, avez-vous été informé et associé à l'évaluation bénéfice/risque de votre prise en charge ? | G2: =IF(F2="Oui",1,IF(F2="Non",0,""))
A3: Art.15 - arrêté du 8 septembre 2021 Article L. 1111-4 du code de la santé publique. Critère 1.1-03 | B3: INFORMATION PATIENT | C3: Entretien patient | D3: D2 | E3: Votre consentement a-t-il été recueilli lors de la consultation préalable à la pose de votre implant ? | G3: =IF(F3="Oui",1,IF(F3="Non",0,"")) | I3: Lors de la consultation préalable à l’utilisation du dispositif médical implantable, le consentement du patient est recueilli conformément aux dispositions de l’article L. 1111-4 du code de la santé publique. Aucun acte médical ni aucun traitement ne peut être pratiqué sans le consentement libre et éclairé de la personne et ce consentement peut être retiré à tout moment
A4: Article 18 règlement (EU) 2017/740 Article R5212-42 Article L. 1111-4 du code de la santé publique. Art.15 - arrêté du 8 septembre 2021 Critère 1.1-10 | B4: INFORMATION PATIENT | C4: Entretien patient | D4: D3 | E4: Vous a-t-on remis une carte d'implant et/ou tout autre document d'informations équivalent vous permettant d'identifier votre implant ? | G4: =IF(F4="Oui",1,IF(F4="Non",0,"")) | I4: A l’issue des soins, l’établissement de santé ou l’installation de chirurgie esthétique transmet au patient le document mentionné à l’article R. 5212-42 du code de la santé publique. Les établissements de santé mettent à la disposition des patients chez lesquels le dispositif a été implanté les informations, par tout moyen permettant un accès rapide auxdites informations, ainsi que la carte d'implant, sur laquelle est mentionnée leur identité.
A5: Art.15 - arrêté du 8 septembre 2021 Article L. 1111-4 du code de la santé publique. Critère 1.1-10 | B5: INFORMATION PATIENT | C5: Entretien patient | D5: D4 | E5: Avez-vous été informé de la durée de vie de votre implant ? | G5: =IF(F5="Oui",1,IF(F5="Non",0,""))
A6: Art.15 - arrêté du 8 septembre 2021 Article L. 1111-4 du code de la santé publique. Critère 1.1-10 | B6: INFORMATION PATIENT | C6: Entretien patient | D6: D5 | E6: Connaissez-vous les modalités de suivi médical lié à votre implant ? | G6: =IF(F6="Oui",1,IF(F6="Non",0,""))
A7: Art.15 - arrêté du 8 septembre 2021 Article L. 1111-4 du code de la santé publique. Critère 1.1-10 Évaluation de la compatibilité IRM des dispositifs médicaux implantables par la CNEDiMTS | B7: INFORMATION PATIENT | C7: Entretien patient | D7: D6 | E7: Avez-vous été informé des mises en garde, précautions ou mesures à prendre lors de la réalisation de certains examens médicaux (radiologie, …) ? | G7: =IF(F7="Oui",1,IF(F7="Non",0,""))
A8: Art.15 - arrêté du 8 septembre 2021 Article L. 1111-4 du code de la santé publique. Critère 1.1-10 | B8: INFORMATION PATIENT | C8: Entretien patient | D8: D7 | E8: Savez-vous que toutes les informations sur votre implant peuvent figurer sur votre espace santé ? | G8: =IF(F8="Oui",1,IF(F8="Non",0,""))

Sheet Information sortie
F1: Activité 1 | J1: Activité 2
E2: Secteur
E3: Type d'hospitalisation
A4: Référentiels | B4: Thème | C4: Mode d'évaluation | D4: Référence | E4: Libellé du critère | F4: Dossier 1 | G4: cot 1 | H4: Dossier 2 | I4: cot 2 | J4: Dossier 3 | K4: cot 3 | L4: Dossier 4 | M4: cot 4 | N4: Commentaires auditeurs | O4: Précisions et attendus | P4: Commentaires éventuels de l'établissement audité | Q4: Dossier 1 | R4: Dossier 2 | S4: Dossier 3 | T4: Dossier 4
A5: critère 1.1-10 du manuel de certification HAS Art.15 - arrêté du 8 septembre 2021 | B5: CARTE D'IMPLANT | C5: Audit de dossier | D5: E1 | E5: La remise/ envoi de la carte d'implant au patient est-elle tracée ? | G5: ='[2]Information sortie'!$G$5 -> 0 | I5: =IF(OR(H5="Oui",H5="Oui par messagerie sécurisée"),1,IF(H5="Non",0,IF(OR(H5="Oui partiellement",H5="oui par courrier"),0.5,0))) -> 0 | K5: =IF(OR(J5="Oui",J5="Oui par messagerie sécurisée"),1,IF(J5="Non",0,IF(OR(J5="Oui partiellement",J5="oui par courrier"),0.5,0))) -> 0 | M5: =IF(OR(L5="Oui",L5="Oui par messagerie sécurisée"),1,IF(L5="Non",0,IF(OR(L5="Oui partiellement",L5="oui par courrier"),0.5,0))) -> 0 | Q5: Oui :1 Non : 0 | R5: Oui :1 Non : 0 | S5: Oui :1 Non : 0 | T5: Oui :1 Non : 0
A6: critère 1.1-10 du manuel de certification HAS Art.15 - arrêté du 8 septembre 2021 | B6: CARTE D'IMPLANT | C6: Audit de dossier | D6: E2 | E6: Préciser le type de carte d'implant remise au patient : fabricant ou institutionnelle | G6: =IF(OR(F6="Oui",F6="Oui par messagerie sécurisée"),1,IF(F6="Non",0,IF(OR(F6="Oui partiellement",F6="oui par courrier"),0.5,0))) -> 0 | I6: =IF(OR(H6="Oui",H6="Oui par messagerie sécurisée"),1,IF(H6="Non",0,IF(OR(H6="Oui partiellement",H6="oui par courrier"),0.5,0))) -> 0 | K6: =IF(OR(J6="Oui",J6="Oui par messagerie sécurisée"),1,IF(J6="Non",0,IF(OR(J6="Oui partiellement",J6="oui par courrier"),0.5,0))) -> 0 | M6: =IF(OR(L6="Oui",L6="Oui par messagerie sécurisée"),1,IF(L6="Non",0,IF(OR(L6="Oui partiellement",L6="oui par courrier"),0.5,0))) -> 0 | Q6: Fabricant : aucune Institutionnelle : aucune | R6: Fabricant : aucune Institutionnelle : aucune | S6: Fabricant : aucune Institutionnelle : aucune | T6: Fabricant : aucune Institutionnelle : aucune
A7: critère 1.1-10 du manuel de certification HAS Art.15 - arrêté du 8 septembre 2021 | B7: CARTE D'IMPLANT | C7: Audit de dossier | D7: E3 | E7: Une copie de la carte d'implant est-elle disponible ? | G7: =IF(OR(F7="Oui",F7="Oui par messagerie sécurisée"),1,IF(F7="Non",0,IF(OR(F7="Oui partiellement",F7="oui par courrier"),0.5,0))) -> 0 | I7: =IF(OR(H7="Oui",H7="Oui par messagerie sécurisée"),1,IF(H7="Non",0,IF(OR(H7="Oui partiellement",H7="oui par courrier"),0.5,0))) -> 0 | K7: =IF(OR(J7="Oui",J7="Oui par messagerie sécurisée"),1,IF(J7="Non",0,IF(OR(J7="Oui partiellement",J7="oui par courrier"),0.5,0))) -> 0 | M7: =IF(OR(L7="Oui",L7="Oui par messagerie sécurisée"),1,IF(L7="Non",0,IF(OR(L7="Oui partiellement",L7="oui par courrier"),0.5,0))) -> 0 | Q7: Oui : néant Non : néant | R7: Oui : néant Non : néant | S7: Oui : néant Non : néant | T7: Oui : néant Non : néant
A8: critère 1.1-10 du manuel de certification HAS Art.15 - arrêté du 8 septembre 2021 Article R5212-42 | B8: LETTRE DE LIAISON | C8: Audit de dossier | D8: E4 | E8: Une lettre de liaison est-elle disponible dans le Dossier du patient ? | G8: =IF(OR(F8="Oui",F8="Oui par messagerie sécurisée"),1,IF(F8="Non",0,IF(OR(F8="Oui partiellement",F8="oui par courrier"),0.5,0))) -> 0 | I8: =IF(OR(H8="Oui",H8="Oui par messagerie sécurisée"),1,IF(H8="Non",0,IF(OR(H8="Oui partiellement",H8="oui par courrier"),0.5,0))) -> 0 | K8: =IF(OR(J8="Oui",J8="Oui par messagerie sécurisée"),1,IF(J8="Non",0,IF(OR(J8="Oui partiellement",J8="oui par courrier"),0.5,0))) -> 0 | M8: =IF(OR(L8="Oui",L8="Oui par messagerie sécurisée"),1,IF(L8="Non",0,IF(OR(L8="Oui partiellement",L8="oui par courrier"),0.5,0))) -> 0 | Q8: Oui :1 Non : 0 | R8: Oui :1 Non : 0 | S8: Oui :1 Non : 0 | T8: Oui :1 Non : 0
A9: critère 1.1-10 du manuel de certification HAS Art.15 - arrêté du 8 septembre 2021 | B9: LETTRE DE LIAISON | C9: Audit de dossier | D9: E5 | E9: L'identification du professionnel poseur du DMI (nom, prénom et RPPS) est-elle retrouvée ? | G9: =IF(OR(F9="Oui",F9="Oui par messagerie sécurisée"),1,IF(F9="Non",0,IF(OR(F9="Oui partiellement",F9="oui par courrier"),0.5,0))) -> 0 | I9: =IF(OR(H9="Oui",H9="Oui par messagerie sécurisée"),1,IF(H9="Non",0,IF(OR(H9="Oui partiellement",H9="oui par courrier"),0.5,0))) -> 0 | K9: =IF(OR(J9="Oui",J9="Oui par messagerie sécurisée"),1,IF(J9="Non",0,IF(OR(J9="Oui partiellement",J9="oui par courrier"),0.5,0))) -> 0 | M9: =IF(OR(L9="Oui",L9="Oui par messagerie sécurisée"),1,IF(L9="Non",0,IF(OR(L9="Oui partiellement",L9="oui par courrier"),0.5,0))) -> 0 | Q9: Oui :1 Partiellement : 0,5 Non : 0 | R9: Oui :1 Partiellement : 0,5 Non : 0 | S9: Oui :1 Partiellement : 0,5 Non : 0 | T9: Oui :1 Partiellement : 0,5 Non : 0
A10: critère 1.1-10 du manuel de certification HAS Art.15 - arrêté du 8 septembre 2021 | B10: LETTRE DE LIAISON | C10: Audit de dossier | D10: E6 | E10: Le lieu (service/ETS) et la date d'utilisation du DMI sont-ils retrouvés ? | G10: =IF(OR(F10="Oui",F10="Oui par messagerie sécurisée"),1,IF(F10="Non",0,IF(OR(F10="Oui partiellement",F10="oui par courrier"),0.5,0))) -> 0 | I10: =IF(OR(H10="Oui",H10="Oui par messagerie sécurisée"),1,IF(H10="Non",0,IF(OR(H10="Oui partiellement",H10="oui par courrier"),0.5,0))) -> 0 | K10: =IF(OR(J10="Oui",J10="Oui par messagerie sécurisée"),1,IF(J10="Non",0,IF(OR(J10="Oui partiellement",J10="oui par courrier"),0.5,0))) -> 0 | M10: =IF(OR(L10="Oui",L10="Oui par messagerie sécurisée"),1,IF(L10="Non",0,IF(OR(L10="Oui partiellement",L10="oui par courrier"),0.5,0))) -> 0 | Q10: Oui :1 Partiellement : 0,5 Non : 0 | R10: Oui :1 Partiellement : 0,5 Non : 0 | S10: Oui :1 Partiellement : 0,5 Non : 0 | T10: Oui :1 Partiellement : 0,5 Non : 0
A11: critère 1.1-10 du manuel de certification HAS Art.15 - arrêté du 8 septembre 2021 Article R5212-42 | B11: LETTRE DE LIAISON | C11: Audit de dossier | D11: E7 | E11: L'identification du DMI (dénomination, numéro de série ou de lot, IUD, modèle) utilisé est-elle retrouvée ? | G11: =IF(OR(F11="Oui",F11="Oui par messagerie sécurisée"),1,IF(F11="Non",0,IF(OR(F11="Oui partiellement",F11="oui par courrier"),0.5,0))) -> 0 | I11: =IF(OR(H11="Oui",H11="Oui par messagerie sécurisée"),1,IF(H11="Non",0,IF(OR(H11="Oui partiellement",H11="oui par courrier"),0.5,0))) -> 0 | K11: =IF(OR(J11="Oui",J11="Oui par messagerie sécurisée"),1,IF(J11="Non",0,IF(OR(J11="Oui partiellement",J11="oui par courrier"),0.5,0))) -> 0 | M11: =IF(OR(L11="Oui",L11="Oui par messagerie sécurisée"),1,IF(L11="Non",0,IF(OR(L11="Oui partiellement",L11="oui par courrier"),0.5,0))) -> 0 | Q11: Oui :1 Partiellement : 0,5 Non : 0 | R11: Oui :1 Partiellement : 0,5 Non : 0 | S11: Oui :1 Partiellement : 0,5 Non : 0 | T11: Oui :1 Partiellement : 0,5 Non : 0
A12: critère 1.1-10 du manuel de certification HAS Art.15 - arrêté du 8 septembre 2021 | B12: LETTRE DE LIAISON | C12: Audit de dossier | D12: E8 | E12: Le nom, l'adresse et le site internet du fabriquant sont-ils retrouvés ? | G12: =IF(OR(F12="Oui",F12="Oui par messagerie sécurisée"),1,IF(F12="Non",0,IF(OR(F12="Oui partiellement",F12="oui par courrier"),0.5,0))) -> 0 | I12: =IF(OR(H12="Oui",H12="Oui par messagerie sécurisée"),1,IF(H12="Non",0,IF(OR(H12="Oui partiellement",H12="oui par courrier"),0.5,0))) -> 0 | K12: =IF(OR(J12="Oui",J12="Oui par messagerie sécurisée"),1,IF(J12="Non",0,IF(OR(J12="Oui partiellement",J12="oui par courrier"),0.5,0))) -> 0 | M12: =IF(OR(L12="Oui",L12="Oui par messagerie sécurisée"),1,IF(L12="Non",0,IF(OR(L12="Oui partiellement",L12="oui par courrier"),0.5,0))) -> 0 | Q12: Oui :1 Partiellement : 0,5 Non : 0 | R12: Oui :1 Partiellement : 0,5 Non : 0 | S12: Oui :1 Partiellement : 0,5 Non : 0 | T12: Oui :1 Partiellement : 0,5 Non : 0
A13: critère 1.1-10 du manuel de certification HAS Art.15 - arrêté du 8 septembre 2021 Article R5212-42 | B13: LETTRE DE LIAISON | C13: Audit de dossier | D13: E9 | E13: L'existence d'une durée de vie limitée du produit et le cas échéant, le suivi médical particulier sont-ils retrouvés ? | G13: =IF(OR(F13="Oui",F13="Oui par messagerie sécurisée"),1,IF(F13="Non",0,IF(OR(F13="Oui partiellement",F13="oui par courrier"),0.5,0))) -> 0 | I13: =IF(OR(H13="Oui",H13="Oui par messagerie sécurisée"),1,IF(H13="Non",0,IF(OR(H13="Oui partiellement",H13="oui par courrier"),0.5,0))) -> 0 | K13: =IF(OR(J13="Oui",J13="Oui par messagerie sécurisée"),1,IF(J13="Non",0,IF(OR(J13="Oui partiellement",J13="oui par courrier"),0.5,0))) -> 0 | M13: =IF(OR(L13="Oui",L13="Oui par messagerie sécurisée"),1,IF(L13="Non",0,IF(OR(L13="Oui partiellement",L13="oui par courrier"),0.5,0))) -> 0 | Q13: Oui :1 Partiellement : 0,5 Non : 0 | R13: Oui :1 Partiellement : 0,5 Non : 0 | S13: Oui :1 Partiellement : 0,5 Non : 0 | T13: Oui :1 Partiellement : 0,5 Non : 0
A14: critère 1.1-10 du manuel de certification HAS Art.15 - arrêté du 8 septembre 2021 | B14: LETTRE DE LIAISON | C14: Audit de dossier | D14: E10 | E14: Les mises en garde, précautions ou mesures à prendre par le patient ou par un professionnel de santé prévisibles à l'égard de la réalisation de certains examens médicaux (radiologie, …) sont-ils retrouvés ? | G14: =IF(OR(F14="Oui",F14="Oui par messagerie sécurisée"),1,IF(F14="Non",0,IF(OR(F14="Oui partiellement",F14="oui par courrier"),0.5,0))) -> 0 | I14: =IF(OR(H14="Oui",H14="Oui par messagerie sécurisée"),1,IF(H14="Non",0,IF(OR(H14="Oui partiellement",H14="oui par courrier"),0.5,0))) -> 0 | K14: =IF(OR(J14="Oui",J14="Oui par messagerie sécurisée"),1,IF(J14="Non",0,IF(OR(J14="Oui partiellement",J14="oui par courrier"),0.5,0))) -> 0 | M14: =IF(OR(L14="Oui",L14="Oui par messagerie sécurisée"),1,IF(L14="Non",0,IF(OR(L14="Oui partiellement",L14="oui par courrier"),0.5,0))) -> 0 | Q14: Oui :1 Partiellement : 0,5 Non : 0 | R14: Oui :1 Partiellement : 0,5 Non : 0 | S14: Oui :1 Partiellement : 0,5 Non : 0 | T14: Oui :1 Partiellement : 0,5 Non : 0
A15: critère 1.1-10 du manuel de certification HAS Art.15 - arrêté du 8 septembre 2021 | B15: LETTRE DE LIAISON | C15: Audit de dossier | D15: E11 | E15: Toute autre information destinée à garantir l'utilisation sûre du dispositif par le patient, notamment les informations quantitatives et qualitatives générales sur les matériaux et substances auxquels les patients sont susceptibles d'être exposés | G15: =IF(OR(F15="Oui",F15="Oui par messagerie sécurisée"),1,IF(F15="Non",0,IF(OR(F15="Oui partiellement",F15="oui par courrier"),0.5,0))) -> 0 | I15: =IF(OR(H15="Oui",H15="Oui par messagerie sécurisée"),1,IF(H15="Non",0,IF(OR(H15="Oui partiellement",H15="oui par courrier"),0.5,0))) -> 0 | K15: =IF(OR(J15="Oui",J15="Oui par messagerie sécurisée"),1,IF(J15="Non",0,IF(OR(J15="Oui partiellement",J15="oui par courrier"),0.5,0))) -> 0 | M15: =IF(OR(L15="Oui",L15="Oui par messagerie sécurisée"),1,IF(L15="Non",0,IF(OR(L15="Oui partiellement",L15="oui par courrier"),0.5,0))) -> 0 | Q15: Oui :1 Non : 0 | R15: Oui :1 Non : 0 | S15: Oui :1 Non : 0 | T15: Oui :1 Non : 0
A16: Art.15 - arrêté du 8 septembre 2021 Décret n° 2016-995 du 20 juillet 2016 relatif aux lettres de liaison Article R1112-1-2 critères 1.1-10 et 2.2-20 du manuel de certification HAS | B16: LETTRE DE LIAISON | C16: Audit de dossier | D16: E12 | E16: La lettre de liaison est-elle transmise au médecin traitant et, le cas échéant, au praticien qui a adressé le patient à l'établissement | G16: =IF(OR(F16="Oui",F16="Oui par messagerie sécurisée"),1,IF(F16="Non",0,IF(OR(F16="Oui partiellement",F16="oui par courrier"),0.5,0))) -> 0 | I16: =IF(OR(H16="Oui",H16="Oui par messagerie sécurisée"),1,IF(H16="Non",0,IF(OR(H16="Oui partiellement",H16="oui par courrier"),0.5,0))) -> 0 | K16: =IF(OR(J16="Oui",J16="Oui par messagerie sécurisée"),1,IF(J16="Non",0,IF(OR(J16="Oui partiellement",J16="oui par courrier"),0.5,0))) -> 0 | M16: =IF(OR(L16="Oui",L16="Oui par messagerie sécurisée"),1,IF(L16="Non",0,IF(OR(L16="Oui partiellement",L16="oui par courrier"),0.5,0))) -> 0 | O16: La lettre de liaison est transmise le jour de la sortie du patient de l'établissement, au médecin traitant et, le cas échéant, au praticien qui a adressé le patient à l'établissement, par messagerie sécurisée ou par tout moyen garantissant la confidentialité des informations. | Q16: Oui par messagerie sécurisée :1 Oui par courrier : 0,5 Non : 0 | R16: Oui par messagerie sécurisée :1 Oui par courrier : 0,5 Non : 0 | S16: Oui par messagerie sécurisée :1 Oui par courrier : 0,5 Non : 0 | T16: Oui par messagerie sécurisée :1 Oui par courrier : 0,5 Non : 0

Sheet Résultats
G3: Nom de l'établissement : | I3: ='Informations générales'!E6 -> 0
G5: Date de l'audit : | I5: ='Informations générales'!E14 -> 0
A7: Vert | B7: vert clair | C7: jaune | D7: Orange | E7: Rouge | G7: Théme | I7: Résultat | J7: Encadrement-instances | K7: PUI | L7: Bloc opératoire | M7: Entretien patient
A8: 1 | B8: 0.8 | C8: 0.6 | D8: 0.4 | E8: 0.2 | G8: GOUVERNANCE | I8: =G20/(H20-I20) -> 0 | J8: =SUMIF('Encadrement-instances'!B:B,G8,'Encadrement-instances'!G:G)/(COUNTIF('Encadrement-instances'!B:B,G8)-COUNTIFS('Encadrement-instances'!$B:$B,G8,'Encadrement-instances'!F:F,"Non applicable")) -> 0
A9: 1 | B9: 0.8 | C9: 0.6 | D9: 0.4 | E9: 0.2 | G9: QUALITE ET GESTION DES RISQUES | I9: =G21/(H21-I21) -> 0 | J9: =SUMIF('Encadrement-instances'!B:B,G9,'Encadrement-instances'!G:G)/(COUNTIF('Encadrement-instances'!B:B,G9)-COUNTIFS('Encadrement-instances'!$B:$B,G9,'Encadrement-instances'!F:F,"Non applicable")) -> 0 | K9: =SUMIF(PUI!$B:$B,G9,PUI!G:G)/(COUNTIF(PUI!$B:$B,G9)-COUNTIFS(PUI!$B:$B,G9,PUI!F:F,"Non applicable")) -> 0 | L9: =SUMIF('Bloc opératoire'!$B:$B,G67,'Bloc opératoire'!G:G)/(COUNTIF('Bloc opératoire'!$B:$B,G67)-COUNTIFS('Bloc opératoire'!$B:$B,G67,'Bloc opératoire'!F:F,"Non applicable")) -> 0
A10: 1 | B10: 0.8 | C10: 0.6 | D10: 0.4 | E10: 0.2 | G10: SYSTÈME D'INFORMATION | I10: =G22/(H22-I22) -> 0 | J10: =SUMIF('Encadrement-instances'!B:B,G10,'Encadrement-instances'!G:G)/(COUNTIF('Encadrement-instances'!B:B,G10)-COUNTIFS('Encadrement-instances'!$B:$B,G10,'Encadrement-instances'!F:F,"Non applicable")) -> 0 | K10: =SUMIF(PUI!$B:$B,G10,PUI!G:G)/(COUNTIF(PUI!$B:$B,G10)-COUNTIFS(PUI!$B:$B,G10,PUI!F:F,"Non applicable")) -> 0 | L10: =SUMIF('Bloc opératoire'!$B:$B,G69,'Bloc opératoire'!G:G)/(COUNTIF('Bloc opératoire'!$B:$B,G69)-COUNTIFS('Bloc opératoire'!$B:$B,G69,'Bloc opératoire'!F:F,"Non applicable")) -> 0
A11: 1 | B11: 0.8 | C11: 0.6 | D11: 0.4 | E11: 0.2 | G11: INFORMATION PATIENT | I11: =G23/(H23-I23) -> 0 | J11: =SUMIF('Encadrement-instances'!B:B,G11,'Encadrement-instances'!G:G)/(COUNTIF('Encadrement-instances'!B:B,G11)-COUNTIFS('Encadrement-instances'!$B:$B,G11,'Encadrement-instances'!F:F,"Non applicable")) -> 0 | M11: =SUM('Entretien Patient'!G:G)/(COUNTA('Entretien Patient'!B:B)-1) -> 0
A12: 1 | B12: 0.8 | C12: 0.6 | D12: 0.4 | E12: 0.2 | G12: RÉCEPTION / STOCKAGE | I12: =G24/(H24-I24) -> 0 | K12: =SUMIF(PUI!$B:$B,G12,PUI!G:G)/(COUNTIF(PUI!$B:$B,G12)-COUNTIFS(PUI!$B:$B,G12,PUI!F:F,"Non applicable")) -> 0 | L12: =SUMIF('Bloc opératoire'!$B:$B,G70,'Bloc opératoire'!G:G)/(COUNTIF('Bloc opératoire'!$B:$B,G70)-COUNTIFS('Bloc opératoire'!$B:$B,G70,'Bloc opératoire'!F:F,"Non applicable")) -> 0
A13: 1 | B13: 0.8 | C13: 0.6 | D13: 0.4 | E13: 0.2 | G13: DÉLIVRANCE / TRANSPORT | I13: =G25/(H25-I25) -> 0 | K13: =SUMIF(PUI!$B:$B,G13,PUI!G:G)/(COUNTIF(PUI!$B:$B,G13)-COUNTIFS(PUI!$B:$B,G13,PUI!F:F,"Non applicable")) -> 0
A14: 1 | B14: 0.8 | C14: 0.6 | D14: 0.4 | E14: 0.2 | G14: POSE DMI | I14: =G26/(H26-I26) -> 0 | L14: =SUMIF('Bloc opératoire'!$B:$B,G68,'Bloc opératoire'!G:G)/(COUNTIF('Bloc opératoire'!$B:$B,G68)-COUNTIFS('Bloc opératoire'!$B:$B,G68,'Bloc opératoire'!F:F,"Non applicable")) -> 0
G15: Taux de saisie des critères | J15: =(COUNTA('Encadrement-instances'!F:F)-1)/(COUNTA('Encadrement-instances'!B:B)-1) -> 0 | K15: =(COUNTA(PUI!F:F)-1)/(COUNTA(PUI!B:B)-1) -> 0 | L15: =(COUNTA('Bloc opératoire'!F:F)-1)/(COUNTA('Bloc opératoire'!B:B)-1) -> 0 | M15: =(COUNTA('Entretien Patient'!F:F)-1)/(COUNTA('Entretien Patient'!B:B)-1) -> 0
G16: Résultat global : | J16: =SUM('Encadrement-instances'!G:G)/(COUNTA('Encadrement-instances'!B:B)-1-COUNTIF('Encadrement-instances'!$F:$F,"Non applicable")) -> 0 | K16: =SUM(PUI!G:G)/(COUNTA(PUI!$B:$B)-1-COUNTIF(PUI!$F:$F,"Non applicable")) -> 0 | L16: =SUM('Bloc opératoire'!G:G)/(COUNTA('Bloc opératoire'!$B:$B)-1-COUNTIF('Bloc opératoire'!$F:$F,"Non applicable")) -> 0 | M16: =M11 -> 0
G19: score | H19: nbre | I19: nbre non applicable
G20: =SUMIF('Encadrement-instances'!B:B,G8,'Encadrement-instances'!G:G)+SUMIF(PUI!$B:$B,G8,PUI!G:G)+SUMIF('Bloc opératoire'!$B:$B,G8,'Bloc opératoire'!G:G)+SUMIF('Entretien Patient'!$B:$B,G8,'Entretien Patient'!G:G) -> 0 | H20: =COUNTIF('Encadrement-instances'!B:B,G8)+COUNTIF(PUI!$B:$B,G8)+COUNTIF('Bloc opératoire'!$B:$B,G8)+COUNTIF('Entretien Patient'!$B:$B,G8) -> 11 | I20: =COUNTIFS('Encadrement-instances'!$B:$B,G8,'Encadrement-instances'!F:F,"Non applicable")+COUNTIFS(PUI!$B:$B,G8,PUI!F:F,"Non applicable")+COUNTIFS('Bloc opératoire'!$B:$B,G8,'Bloc opératoire'!F:F,"Non applicable")+COUNTIFS('Entretien Patient'!$B:$B,G8,'Entretien Patient'!F:F,"Non applicable") -> 0
G21: =SUMIF('Encadrement-instances'!B:B,G9,'Encadrement-instances'!G:G)+SUMIF(PUI!$B:$B,G9,PUI!G:G)+SUMIF('Bloc opératoire'!$B:$B,G9,'Bloc opératoire'!G:G)+SUMIF('Entretien Patient'!$B:$B,G9,'Entretien Patient'!G:G) -> 0 | H21: =COUNTIF('Encadrement-instances'!B:B,G9)+COUNTIF(PUI!$B:$B,G9)+COUNTIF('Bloc opératoire'!$B:$B,G9)+COUNTIF('Entretien Patient'!$B:$B,G9) -> 19 | I21: =COUNTIFS('Encadrement-instances'!$B:$B,G9,'Encadrement-instances'!F:F,"Non applicable")+COUNTIFS(PUI!$B:$B,G9,PUI!F:F,"Non applicable")+COUNTIFS('Bloc opératoire'!$B:$B,G9,'Bloc opératoire'!F:F,"Non applicable")+COUNTIFS('Entretien Patient'!$B:$B,G9,'Entretien Patient'!F:F,"Non applicable") -> 0
G22: =SUMIF('Encadrement-instances'!B:B,G10,'Encadrement-instances'!G:G)+SUMIF(PUI!$B:$B,G10,PUI!G:G)+SUMIF('Bloc opératoire'!$B:$B,G10,'Bloc opératoire'!G:G)+SUMIF('Entretien Patient'!$B:$B,G10,'Entretien Patient'!G:G) -> 0 | H22: =COUNTIF('Encadrement-instances'!B:B,G10)+COUNTIF(PUI!$B:$B,G10)+COUNTIF('Bloc opératoire'!$B:$B,G10)+COUNTIF('Entretien Patient'!$B:$B,G10) -> 18 | I22: =COUNTIFS('Encadrement-instances'!$B:$B,G10,'Encadrement-instances'!F:F,"Non applicable")+COUNTIFS(PUI!$B:$B,G10,PUI!F:F,"Non applicable")+COUNTIFS('Bloc opératoire'!$B:$B,G10,'Bloc opératoire'!F:F,"Non applicable")+COUNTIFS('Entretien Patient'!$B:$B,G10,'Entretien Patient'!F:F,"Non applicable") -> 0
G23: =SUMIF('Encadrement-instances'!B:B,G11,'Encadrement-instances'!G:G)+SUMIF(PUI!$B:$B,G11,PUI!G:G)+SUMIF('Bloc opératoire'!$B:$B,G11,'Bloc opératoire'!G:G)+SUMIF('Entretien Patient'!$B:$B,G11,'Entretien Patient'!G:G) -> 0 | H23: =COUNTIF('Encadrement-instances'!B:B,G11)+COUNTIF(PUI!$B:$B,G11)+COUNTIF('Bloc opératoire'!$B:$B,G11)+COUNTIF('Entretien Patient'!$B:$B,G11) -> 11 | I23: =COUNTIFS('Encadrement-instances'!$B:$B,G11,'Encadrement-instances'!F:F,"Non applicable")+COUNTIFS(PUI!$B:$B,G11,PUI!F:F,"Non applicable")+COUNTIFS('Bloc opératoire'!$B:$B,G11,'Bloc opératoire'!F:F,"Non applicable")+COUNTIFS('Entretien Patient'!$B:$B,G11,'Entretien Patient'!F:F,"Non applicable") -> 0
G24: =SUMIF('Encadrement-instances'!B:B,G12,'Encadrement-instances'!G:G)+SUMIF(PUI!$B:$B,G12,PUI!G:G)+SUMIF('Bloc opératoire'!$B:$B,G12,'Bloc opératoire'!G:G)+SUMIF('Entretien Patient'!$B:$B,G12,'Entretien Patient'!G:G) -> 0 | H24: =COUNTIF('Encadrement-instances'!B:B,G12)+COUNTIF(PUI!$B:$B,G12)+COUNTIF('Bloc opératoire'!$B:$B,G12)+COUNTIF('Entretien Patient'!$B:$B,G12) -> 14 | I24: =COUNTIFS('Encadrement-instances'!$B:$B,G12,'Encadrement-instances'!F:F,"Non applicable")+COUNTIFS(PUI!$B:$B,G12,PUI!F:F,"Non applicable")+COUNTIFS('Bloc opératoire'!$B:$B,G12,'Bloc opératoire'!F:F,"Non applicable")+COUNTIFS('Entretien Patient'!$B:$B,G12,'Entretien Patient'!F:F,"Non applicable") -> 0
G25: =SUMIF('Encadrement-instances'!B:B,G13,'Encadrement-instances'!G:G)+SUMIF(PUI!$B:$B,G13,PUI!G:G)+SUMIF('Bloc opératoire'!$B:$B,G13,'Bloc opératoire'!G:G)+SUMIF('Entretien Patient'!$B:$B,G13,'Entretien Patient'!G:G) -> 0 | H25: =COUNTIF('Encadrement-instances'!B:B,G13)+COUNTIF(PUI!$B:$B,G13)+COUNTIF('Bloc opératoire'!$B:$B,G13)+COUNTIF('Entretien Patient'!$B:$B,G13) -> 7 | I25: =COUNTIFS('Encadrement-instances'!$B:$B,G13,'Encadrement-instances'!F:F,"Non applicable")+COUNTIFS(PUI!$B:$B,G13,PUI!F:F,"Non applicable")+COUNTIFS('Bloc opératoire'!$B:$B,G13,'Bloc opératoire'!F:F,"Non applicable")+COUNTIFS('Entretien Patient'!$B:$B,G13,'Entretien Patient'!F:F,"Non applicable") -> 0
G26: =SUMIF('Encadrement-instances'!B:B,G14,'Encadrement-instances'!G:G)+SUMIF(PUI!$B:$B,G14,PUI!G:G)+SUMIF('Bloc opératoire'!$B:$B,G14,'Bloc opératoire'!G:G)+SUMIF('Entretien Patient'!$B:$B,G14,'Entretien Patient'!G:G) -> 0 | H26: =COUNTIF('Encadrement-instances'!B:B,G14)+COUNTIF(PUI!$B:$B,G14)+COUNTIF('Bloc opératoire'!$B:$B,G14)+COUNTIF('Entretien Patient'!$B:$B,G14) -> 4 | I26: =COUNTIFS('Encadrement-instances'!$B:$B,G14,'Encadrement-instances'!F:F,"Non applicable")+COUNTIFS(PUI!$B:$B,G14,PUI!F:F,"Non applicable")+COUNTIFS('Bloc opératoire'!$B:$B,G14,'Bloc opératoire'!F:F,"Non applicable")+COUNTIFS('Entretien Patient'!$B:$B,G14,'Entretien Patient'!F:F,"Non applicable") -> 0
G34: Encadrement-instances
A36: Vert | B36: vert clair | C36: jaune | D36: Orange | E36: Rouge | G36: Théme | I36: Résultat
A37: 1 | B37: 0.8 | C37: 0.6 | D37: 0.4 | E37: 0.2 | G37: GOUVERNANCE | I37: =SUMIF('Encadrement-instances'!B:B,G37,'Encadrement-instances'!G:G)/(COUNTIF('Encadrement-instances'!B:B,G37)-COUNTIFS('Encadrement-instances'!$B:$B,G37,'Encadrement-instances'!F:F,"Non applicable")) -> 0
A38: 1 | B38: 0.8 | C38: 0.6 | D38: 0.4 | E38: 0.2 | G38: QUALITE ET GESTION DES RISQUES | I38: =SUMIF('Encadrement-instances'!B:B,G38,'Encadrement-instances'!G:G)/(COUNTIF('Encadrement-instances'!B:B,G38)-COUNTIFS('Encadrement-instances'!$B:$B,G38,'Encadrement-instances'!F:F,"Non applicable")) -> 0
A39: 1 | B39: 0.8 | C39: 0.6 | D39: 0.4 | E39: 0.2 | G39: SYSTÈME D'INFORMATION | I39: =SUMIF('Encadrement-instances'!B:B,G39,'Encadrement-instances'!G:G)/(COUNTIF('Encadrement-instances'!B:B,G39)-COUNTIFS('Encadrement-instances'!$B:$B,G39,'Encadrement-instances'!F:F,"Non applicable")) -> 0
A40: 1 | B40: 0.8 | C40: 0.6 | D40: 0.4 | E40: 0.2 | G40: INFORMATION PATIENT | I40: =SUMIF('Encadrement-instances'!B:B,G40,'Encadrement-instances'!G:G)/(COUNTIF('Encadrement-instances'!B:B,G40)-COUNTIFS('Encadrement-instances'!$B:$B,G40,'Encadrement-instances'!F:F,"Non applicable")) -> 0
G42: Résultat global : | I42: =SUM('Encadrement-instances'!G:G)/(COUNTA('Encadrement-instances'!B:B)-1-COUNTIF('Encadrement-instances'!$F:$F,"Non applicable")) -> 0
G44: Taux de saisie des critères | I44: =(COUNTA('Encadrement-instances'!F:F)-1)/(COUNTA('Encadrement-instances'!B:B)-1) -> 0
G49: PUI
A51: Vert | B51: vert clair | C51: jaune | D51: Orange | E51: Rouge | G51: Théme | I51: Résultat
A52: 1 | B52: 0.8 | C52: 0.6 | D52: 0.4 | E52: 0.2 | G52: QUALITE ET GESTION DES RISQUES | I52: =SUMIF(PUI!$B:$B,G52,PUI!G:G)/(COUNTIF(PUI!$B:$B,G52)-COUNTIFS(PUI!$B:$B,G52,PUI!F:F,"Non applicable")) -> 0
A53: 1 | B53: 0.8 | C53: 0.6 | D53: 0.4 | E53: 0.2 | G53: SYSTÈME D'INFORMATION | I53: =SUMIF(PUI!$B:$B,G53,PUI!G:G)/(COUNTIF(PUI!$B:$B,G53)-COUNTIFS(PUI!$B:$B,G53,PUI!F:F,"Non applicable")) -> 0
A54: 1 | B54: 0.8 | C54: 0.6 | D54: 0.4 | E54: 0.2 | G54: RÉCEPTION / STOCKAGE | I54: =SUMIF(PUI!$B:$B,G54,PUI!G:G)/(COUNTIF(PUI!$B:$B,G54)-COUNTIFS(PUI!$B:$B,G54,PUI!F:F,"Non applicable")) -> 0
A55: 1 | B55: 0.8 | C55: 0.6 | D55: 0.4 | E55: 0.2 | G55: DÉLIVRANCE / TRANSPORT | I55: =SUMIF(PUI!$B:$B,G55,PUI!G:G)/(COUNTIF(PUI!$B:$B,G55)-COUNTIFS(PUI!$B:$B,G55,PUI!F:F,"Non applicable")) -> 0
G57: Résultat global : | I57: =SUM(PUI!G:G)/(COUNTA(PUI!$B:$B)-1-COUNTIF(PUI!$F:$F,"Non applicable")) -> 0
G59: Taux de saisie des critères | I59: =(COUNTA(PUI!F:F)-1)/(COUNTA(PUI!B:B)-1) -> 0
G64: Bloc opératoire
A66: Vert | B66: vert clair | C66: jaune | D66: Orange | E66: Rouge | G66: Théme | I66: Résultat
A67: 1 | B67: 0.8 | C67: 0.6 | D67: 0.4 | E67: 0.2 | G67: QUALITE ET GESTION DES RISQUES | I67: =SUMIF('Bloc opératoire'!$B:$B,G67,'Bloc opératoire'!G:G)/(COUNTIF('Bloc opératoire'!$B:$B,G67)-COUNTIFS('Bloc opératoire'!$B:$B,G67,'Bloc opératoire'!F:F,"Non applicable")) -> 0
A68: 1 | B68: 0.8 | C68: 0.6 | D68: 0.4 | E68: 0.2 | G68: POSE DMI | I68: =SUMIF('Bloc opératoire'!$B:$B,G68,'Bloc opératoire'!G:G)/(COUNTIF('Bloc opératoire'!$B:$B,G68)-COUNTIFS('Bloc opératoire'!$B:$B,G68,'Bloc opératoire'!F:F,"Non applicable")) -> 0
A69: 1 | B69: 0.8 | C69: 0.6 | D69: 0.4 | E69: 0.2 | G69: SYSTÈME D'INFORMATION | I69: =SUMIF('Bloc opératoire'!$B:$B,G69,'Bloc opératoire'!G:G)/(COUNTIF('Bloc opératoire'!$B:$B,G69)-COUNTIFS('Bloc opératoire'!$B:$B,G69,'Bloc opératoire'!F:F,"Non applicable")) -> 0
A70: 1 | B70: 0.8 | C70: 0.6 | D70: 0.4 | E70: 0.2 | G70: RÉCEPTION / STOCKAGE | I70: =SUMIF('Bloc opératoire'!$B:$B,G70,'Bloc opératoire'!G:G)/(COUNTIF('Bloc opératoire'!$B:$B,G70)-COUNTIFS('Bloc opératoire'!$B:$B,G70,'Bloc opératoire'!F:F,"Non applicable")) -> 0
G72: Résultat global : | I72: =SUM('Bloc opératoire'!G:G)/(COUNTA('Bloc opératoire'!$B:$B)-1-COUNTIF('Bloc opératoire'!$F:$F,"Non applicable")) -> 0
G74: Taux de saisie des critères | I74: =(COUNTA('Bloc opératoire'!F:F)-1)/(COUNTA('Bloc opératoire'!B:B)-1) -> 0
G79: Entretien Patient
G81: Théme | I81: Résultat
G82: INFORMATION PATIENT | I82: =SUM('Entretien Patient'!G:G)/(COUNTA('Entretien Patient'!B:B)-1) -> 0
G84: Taux de saisie des critères | I84: =(COUNTA('Entretien Patient'!F:F)-1)/(COUNTA('Entretien Patient'!B:B)-1) -> 0
J85: =COUNTIF('Entretien Patient'!F:F,"Oui") -> 0
I86: oui | J86: =COUNTIF('Entretien Patient'!F:F,"Non") -> 0
I87: non
G95: Enregistrement des données
G97: Activité 1 | M97: Activité 2
A99: Vert | B99: vert clair | C99: jaune | D99: Orange | E99: Rouge | G99: Théme | I99: Résultat | M99: Théme | O99: Résultat
A100: 1 | B100: 0.8 | C100: 0.6 | D100: 0.4 | E100: 0.2 | G100: DEMANDE | I100: =SUMIF('Enregistrement des données'!B:B,$G$100,'Enregistrement des données'!H:H)/COUNTIF('Enregistrement des données'!$B:$B,$G$100) -> 0 | M100: DEMANDE | O100: =SUMIF('Enregistrement des données'!$B:$B,$M$100,'Enregistrement des données'!I:I)/COUNTIF('Enregistrement des données'!$B:$B,$M$100) -> 0
A101: 1 | B101: 0.8 | C101: 0.6 | D101: 0.4 | E101: 0.2 | G101: RÉCEPTION / STOCKAGE | I101: =SUMIF('Enregistrement des données'!$B:$B,$G$101,'Enregistrement des données'!H:H)/COUNTIF('Enregistrement des données'!$B:$B,$G$101) -> 0 | M101: RÉCEPTION / STOCKAGE | O101: =SUMIF('Enregistrement des données'!$B:$B,$M$101,'Enregistrement des données'!I:I)/COUNTIF('Enregistrement des données'!$B:$B,$M$101) -> 0
A102: 1 | B102: 0.8 | C102: 0.6 | D102: 0.4 | E102: 0.2 | G102: DÉLIVRANCE / TRANSPORT | I102: =SUMIF('Enregistrement des données'!$B:$B,$G$102,'Enregistrement des données'!H:H)/COUNTIF('Enregistrement des données'!$B:$B,$G$102) -> 0 | M102: DÉLIVRANCE / TRANSPORT | O102: =SUMIF('Enregistrement des données'!$B:$B,$M$102,'Enregistrement des données'!I:I)/COUNTIF('Enregistrement des données'!$B:$B,$M$102) -> 0
A103: 1 | B103: 0.8 | C103: 0.6 | D103: 0.4 | E103: 0.2 | G103: POSE DMI | I103: =SUMIF('Enregistrement des données'!$B:$B,$G$103,'Enregistrement des données'!H:H)/COUNTIF('Enregistrement des données'!$B:$B,$G$103) -> 0 | M103: POSE DMI | O103: =SUMIF('Enregistrement des données'!$B:$B,$M$103,'Enregistrement des données'!I:I)/COUNTIF('Enregistrement des données'!$B:$B,$M$103) -> 0
A104: 1 | B104: 0.8 | C104: 0.6 | D104: 0.4 | E104: 0.2 | G104: INFORMATION PATIENT | I104: =SUMIF('Enregistrement des données'!$B:$B,$G$104,'Enregistrement des données'!H:H)/COUNTIF('Enregistrement des données'!$B:$B,$G$104) -> 0 | M104: INFORMATION PATIENT | O104: =SUMIF('Enregistrement des données'!$B:$B,$M$104,'Enregistrement des données'!I:I)/COUNTIF('Enregistrement des données'!$B:$B,$M$104) -> 0
G106: Résultat global : | I106: =SUM('Enregistrement des données'!H:H)/(COUNTA('Enregistrement des données'!$B:$B)-1) -> 0 | M106: Résultat global : | O106: =SUM('Enregistrement des données'!I:I)/(COUNTA('Enregistrement des données'!$B:$B)-1) -> 0
G108: Taux de critères évalués | I108: =(COUNTA('Enregistrement des données'!$D:$D)-2)/(COUNTA('Enregistrement des données'!$B:$B)-1) -> 0 | M108: Taux de critères évalués | O108: =(COUNTA('Enregistrement des données'!$E:$E)-1)/(COUNTA('Enregistrement des données'!$B:$B)-1) -> 0
A114: Vert | B114: vert clair | C114: jaune | D114: Orange | E114: Rouge
A115: 1 | B115: 0.8 | C115: 0.6 | D115: 0.4 | E115: 0.2
A116: 1 | B116: 0.8 | C116: 0.6 | D116: 0.4 | E116: 0.2
A117: 1 | B117: 0.8 | C117: 0.6 | D117: 0.4 | E117: 0.2
A118: 1 | B118: 0.8 | C118: 0.6 | D118: 0.4 | E118: 0.2
A119: 1 | B119: 0.8 | C119: 0.6 | D119: 0.4 | E119: 0.2
G126: Information sortie
I128: Résultat | L128: LETTRE DE LIAISON | O128: Résultat | P128: Taux de critères évalués
G129: Taux de traçabilité de la remise d'une carte d'implant | I129: =('Information sortie'!G5+'Information sortie'!I5+'Information sortie'!K5+'Information sortie'!M5)/4 -> 0 | L129: Activité 1 | M129: Dossier 1 | O129: =SUMIF('Information sortie'!B:B,$L$128,'Information sortie'!G:G)/COUNTIF('Information sortie'!B:B,$L$128) -> 0 | P129: =(COUNTA('Information sortie'!F8:F16))/(COUNTA('Information sortie'!B8:B16)) -> 0
M130: Dossier 2 | O130: =SUMIF('Information sortie'!B:B,$L$128,'Information sortie'!I:I)/COUNTIF('Information sortie'!B:B,$L$128) -> 0 | P130: =(COUNTA('Information sortie'!H8:H16))/(COUNTA('Information sortie'!B8:B16)) -> 0
L131: Activité 2 | M131: Dossier 3 | O131: =SUMIF('Information sortie'!B:B,$L$128,'Information sortie'!K:K)/COUNTIF('Information sortie'!B:B,$L$128) -> 0 | P131: =(COUNTA('Information sortie'!J8:J16))/(COUNTA('Information sortie'!B8:B16)) -> 0
M132: Dossier 4 | O132: =SUMIF('Information sortie'!B:B,$L$128,'Information sortie'!M:M)/COUNTIF('Information sortie'!B:B,$L$128) -> 0 | P132: =(COUNTA('Information sortie'!L8:L16))/(COUNTA('Information sortie'!B8:B16)) -> 0
I133: =I129 -> 0 | J133: =1-I133 -> 1
G147: Bilan
G148: Points forts | L148: Points à améliorer

Sheet Plan d'actions
A1: Date :
A2: Plan d'actions à mettre en œuvre suite à l'audit
A3: Objectifs fixés | C3: Actions mises en œuvre | D3: Pilote de l'action | E3: Échéance | F3: Indicateurs d’évaluation | G3: Etat d'avancement | H3: Commentaires
A4: 1
A6: 2
A8: 3
A10: 4
A12: 5
A14: 6
